Workbook
Name AbaDeprec: #REF!
Name AbaDeprec: #REF!
Name AbaDeprec: #REF!
Name AbaDeprec: #REF!
Name AbaDeprec: #REF!
Name AbaDeprec: #REF!
Name AbaDeprec: #REF!
Name AbaDeprec: #REF!
Name AbaDeprec: #REF!
Name AbaRemun: #REF!
Name AbaRemun: #REF!
Name AbaRemun: #REF!
Name AbaRemun: #REF!
Name AbaRemun: #REF!
Name AbaRemun: #REF!
Name AbaRemun: #REF!
Name AbaRemun: #REF!
Name AbaRemun: #REF!
Name Escavadeira: #REF!
Name Escavadeira: #REF!
Name Escavadeira: #REF!
Name Escavadeira: #REF!
Name número: #REF!
Name número: #REF!
Name número: #REF!
Name número: #REF!
Name número: #REF!
Name número: #REF!
Name número: #REF!
Name número: #REF!
Name número: #REF!
Name x: #REF!
Name x: #REF!
Name x: #REF!
Name x: #REF!
Name x: #REF!
Name x: #REF!
Name x: #REF!
Name x: #REF!
Name x: #REF!

Sheet SANTA MARIA 28 LUG
A1: PLANILHA DE COMPOSIÇÃO DE CUSTOS E FORMAÇÃO DE PREÇO
A2: GRUPO A - Identificação
A3: Nº do processo: | B3: 7032-2024 | C3: Nº Licitação: | F3: Data:
A4: Veículo: | B4: Microônibus com 28 lugares | D4: Serviço: | E4: Transporte de Pacientes SANTA MARIA
A6: GRUPO B - Orçamento Sintético
A7: Formas de Tributação | C7: LUCRO REAL | E7: LUCRO PRESUMIDO | G7: SIMPLES NAC.
A8: Descrição do Item | C8: Custo (R$/mês) | D8: AV % | E8: Custo (R$/mês) | F8: AV % | G8: Custo (R$/mês) | H8: AV %
A9: =A45 -> 1. Mão-de-obra | C9: =+G76 -> 475.042 | D9: =SUM(D10:D12) -> 0.1013 | E9: =G76 -> 475.042 | F9: =SUM(F10:F12) -> 0.10766901 | G9: =G77 -> 389.441 | H9: =SUM(H10:H12) -> 0.0905
A10: 1.1. Motorista | C10: =G55 -> 386.432 | D10: =ROUND(IFERROR(C10/$C$25,0),4) -> 0.0824 | E10: =C10 -> 386.432 | F10: =(IFERROR(E10/$E$25,0)) -> 0.087585417 | G10: =G61 -> 300.831 | H10: =ROUND(IFERROR(G10/$G$25,0),4) -> 0.0699
A11: =A63 -> 1.2. Vale Transporte | C11: =G68 -> 10.61 | D11: =ROUND(IFERROR(C11/$C$25,0),4) -> 0.0023 | E11: =C11 -> 10.61 | F11: =(IFERROR(E11/$E$25,0)) -> 0.0024047731 | G11: =E11 -> 10.61 | H11: =ROUND(IFERROR(G11/$G$25,0),4) -> 0.0025
A12: =A70 -> 1.3. Vale-refeição (diário) | C12: =G73 -> 78 | D12: =ROUND(IFERROR(C12/$C$25,0),4) -> 0.0166 | E12: =C12 -> 78 | F12: =(IFERROR(E12/$E$25,0)) -> 0.017678822 | G12: =E12 -> 78 | H12: =ROUND(IFERROR(G12/$G$25,0),4) -> 0.0181
A13: =A79 -> 2. Veículos | C13: =+G149 -> 2969.4167 | D13: =SUM(D14:D20) -> 0.6329 | E13: =C13 -> 2969.4167 | F13: =SUM(F14:F20) -> 0.67302293 | G13: =E13 -> 2969.4167 | H13: =SUM(H14:H20) -> 0.6899
A14: =A80 -> 2.1 Depreciação | C14: =G86 -> 0 | D14: =ROUND(IFERROR(C14/$C$25,0),4) -> 0 | E14: =C14 -> 0 | F14: =(IFERROR(E14/$E$25,0)) -> 0 | G14: =E14 -> 0 | H14: =ROUND(IFERROR(G14/$G$25,0),4) -> 0
A15: =A88 -> 2.2 Remuneração do Capital | C15: =G97 -> 0 | D15: =ROUND(IFERROR(C15/$C$25,0),4) -> 0 | E15: =C15 -> 0 | F15: =(IFERROR(E15/$E$25,0)) -> 0 | G15: =E15 -> 0 | H15: =ROUND(IFERROR(G15/$G$25,0),4) -> 0
A16: =A99 -> 2.3. Impostos e Seguros | C16: =G109 -> 1433.05 | D16: =ROUND(IFERROR(C16/$C$25,0),4) -> 0.3054 | E16: =C16 -> 1433.05 | F16: =(IFERROR(E16/$E$25,0)) -> 0.32480302 | G16: =E16 -> 1433.05 | H16: =ROUND(IFERROR(G16/$G$25,0),4) -> 0.333
A17: =A111 -> 2.4. Consumos | C17: =G126 -> 664.2 | D17: =ROUND(IFERROR(C17/$C$25,0),4) -> 0.1416 | E17: =C17 -> 664.2 | F17: =(IFERROR(E17/$E$25,0)) -> 0.15054197 | G17: =E17 -> 664.2 | H17: =ROUND(IFERROR(G17/$G$25,0),4) -> 0.1543
A18: =A128 -> 2.5. Manutenção | C18: =G133 -> 719.7 | D18: =ROUND(IFERROR(C18/$C$25,0),4) -> 0.1534 | E18: =C18 -> 719.7 | F18: =(IFERROR(E18/$E$25,0)) -> 0.16312113 | G18: =E18 -> 719.7 | H18: =ROUND(IFERROR(G18/$G$25,0),4) -> 0.1672
A19: =A135 -> 2.6. Pneus | C19: =G141 -> 80.06 | D19: =ROUND(IFERROR(C19/$C$25,0),4) -> 0.0171 | E19: =C19 -> 80.06 | F19: =(IFERROR(E19/$E$25,0)) -> 0.018145724 | G19: =E19 -> 80.06 | H19: =ROUND(IFERROR(G19/$G$25,0),4) -> 0.0186
A20: =A143 -> 2.7. Rastreador GPS | C20: =G147 -> 72.406667 | D20: =ROUND(IFERROR(C20/$C$25,0),4) -> 0.0154 | E20: =C20 -> 72.406667 | F20: =(IFERROR(E20/$E$25,0)) -> 0.016411084 | G20: =E20 -> 72.406667 | H20: =ROUND(IFERROR(G20/$G$25,0),4) -> 0.0168
A21: =A151 -> 3. Ferramentas e Materiais de Consumo | C21: =+G159 -> 100.5 | D21: =ROUND(IFERROR(C21/$C$25,0),4) -> 0.0214 | E21: =C21 -> 100.5 | F21: =(IFERROR(E21/$E$25,0)) -> 0.022778482 | G21: =E21 -> 100.5 | H21: =ROUND(IFERROR(G21/$G$25,0),4) -> 0.0234
A22: =A164 -> 4. Benefícios e Desp. Ind. - BDI - LUCRO REAL | C22: =+G169 -> 1146.79 | D22: =ROUND(IFERROR(C22/$C$25,0),4) -> 0.2444
A23: =A177 -> 5. Benefícios e Desp. Ind. - BDI - LUCRO PRESUMIDO | E23: =G183 -> 867.1 | F23: =(IFERROR(E23/$E$25,0)) -> 0.19652957
A24: =A191 -> 6. Benef. Desp. Ind. + Impostos - SIMPLES NACIONAL | G24: =G194+G207 -> 843.86 | H24: =ROUND(IFERROR(G24/$G$25,0),4) -> 0.1961
A25: PREÇO TOTAL MÊS (R$/Mês) | C25: =C9+C13+C21+C22 -> 4691.7487 | D25: =D9+D13+D21+D22 -> 1 | E25: =E9+E13+E21+E23 -> 4412.0587 | F25: =F9+F13+F21+F23 -> 1 | G25: =G9+G13+G21+G24 -> 4303.2177 | H25: =H9+H13+H21+H24 -> 0.9999
A26: PREÇO POR QUILOMETRO (R$/Km) | C26: =G175 -> 5.8210281 | E26: =G189 -> 5.4740182 | G26: =G214 -> 5.3389838
A28: GRUPO C - Informações sobre
A29: C1- Mão-de-obra | F29: Quantidade | G29: R$ / mês
A30: Motorista | F30: 1 | G30: 2265
A31: Total de mão-de-obra (postos de trabalho) | F31: =SUM(F30:F30) -> 1 | G31: =SUM(G30:G30) -> 2265
A33: C2- Veículos | C33: Vida útil do Veículo | D33: Taxa depre- ciação Anual | E33: Capacidade (Lugares) | F33: Quantidade | G33: Valor (R$)
A34: Veículo mod. Volare Attack 8 23/24-Diesel- veículo locado | C34: 10 | D34: =1/C34 -> 0.1 | E34: 28 | F34: 1 | G34: 468912
A35: Consumo médio (Km / litro) e Valor do litro (R$) | E35: diesel BS10 | F35: 7.5 | G35: 5.54
A37: C3- Distâncias | C37: Unidade | F37: Km por dia | G37: Km por mês
A38: Distância percorrida | C38: Km | F38: 403 | G38: =F38*F39 -> 806 | I38: =G38*12 -> 9672
A39: Dias rodados por mês | C39: Dias | F39: 2
A41: C4- Fatores | C41: % | D41: Aplicação
A42: Fator de utilização (FU) | C42: =100%/20*F39 -> 0.1 | D42: Equipe, Vale transporte e vale alimentação
A44: CÁLCULOS (itenização numérica)
A45: 1. Mão-de-obra
A46: 1.1. Motorista - EMPRESA LUCRO REAL E PRESUMIDO
A47: Discriminação | C47: Unidade | D47: Quantidade | E47: Custo unitário | F47: Subtotal | G47: Total (R$) | H47: R$/Km
A48: Piso da categoria | C48: mês | D48: 1 | E48: =G30 -> 2265 | F48: =D48*E48 -> 2265
A49: Adicional noturno | C49: Nº hs/ mês | E49: =(E48/220)*0.2 -> 2.0590909 | F49: =D49*E49 -> 0
A50: Descanso Semanal Remunerado (DSR) - Ad.Not. | C50: R$ | E50: =((D49/F39)*5)*(SUM(E49)) -> 0 | F50: =E50 -> 0
A51: Soma | F51: =SUM(F48:F50) -> 2265
A52: Encargos Sociais | C52: % | D52: ='Enc. Soc. - LR-LP e SN'!C$28*100 -> 70.61 | E52: =F51 -> 2265 | F52: =ROUND(E52*D52/100,2) -> 1599.32
A53: Total por Motorista | F53: =F51+F52 -> 3864.32
A54: Total do Efetivo | C54: homem | D54: =F30 -> 1 | E54: =F53 -> 3864.32 | F54: =D54*E54 -> 3864.32 | G54: =F54 -> 3864.32 | H54: =G54/G$38 -> 4.7944417
E55: Fator de utilização | F55: =C42 -> 0.1 | G55: =F54*F55 -> 386.432 | H55: =G55/G$38 -> 0.47944417
A57: 1.1.1- Motorista - EMPRESA SIMPLES NACIONAL
A58: Encargos Sociais | C58: % | D58: ='Enc. Soc. - LR-LP e SN'!C$38*100 -> 32.81728 | E58: =F51 -> 2265 | F58: =ROUND(E58*D58/100,2) -> 743.31
A59: Total por Motorista | F59: =E58+F58 -> 3008.31
A60: Total do Efetivo | C60: homem | D60: =D54 -> 1 | E60: =F59 -> 3008.31 | F60: =D60*E60 -> 3008.31 | G60: =F60 -> 3008.31 | H60: =G60/G$38 -> 3.7323945
E61: Fator de utilização | F61: =F55 -> 0.1 | G61: =F60*F61 -> 300.831 | H61: =G61/G$38 -> 0.37323945
A63: 1.2. Vale Transporte
A64: Discriminação | C64: Unidade | D64: Quantidade | E64: Custo unitário | F64: Subtotal | G64: Total (R$) | H64: R$/Km
A65: Vale Transporte | C65: R$ | D65: 1 | E65: 6.05
A66: Dias Trabalhados por mês | C66: dia | D66: 20
A67: Motorista (Vlr líq. desc. 6,% s/piso sal.) | C67: vale | D67: =D66*2*(F30) -> 40 | E67: =IF(E65=0,"",IFERROR((($D$66*2*$E$65)-(F48*0.06*D66/D66))/($D$66*2),"-")) -> 2.6525 | F67: =IFERROR(D67*E67,"-") -> 106.1 | G67: =F67 -> 106.1 | H67: =G67/G$38 -> 0.13163772
E68: Fator de utilização | F68: =F61 -> 0.1 | G68: =G67*F68 -> 10.61 | H68: =G68/G$38 -> 0.013163772
A70: 1.3. Vale-refeição (diário)
A71: Discriminação | C71: Unidade | D71: Quantidade | E71: Custo unitário | F71: Subtotal | G71: Total (R$) | H71: R$/Km
A72: Motorista (Café e Almoço) | C72: unidade | D72: =D66*(F30) -> 20 | E72: =13+26 -> 39 | F72: =D72*E72 -> 780 | G72: =F72 -> 780 | H72: =G72/G$38 -> 0.96774194
E73: Fator de utilização | F73: =F68 -> 0.1 | G73: =F72*F73 -> 78 | H73: =G73/G$38 -> 0.096774194
A76: Custo Mensal com Mão-de-obra (R$/mês) - LUCRO REAL E PRESUMIDO | G76: =G55+G68+G73 -> 475.042 | H76: =G76/G$38 -> 0.58938213
A77: Custo Mensal com Mão-de-obra (R$/mês) - SIMPLES NACIONAL | G77: =G61+G68+G73 -> 389.441 | H77: =G77/G$38 -> 0.48317742
A79: 2. Veículos
A80: 2.1 Depreciação
A81: Discriminação | C81: Unidade | D81: Quantidade | E81: Custo unitário | F81: Subtotal | G81: Total (R$) | H81: R$/Km
A82: Custo de aquisição do veículo | C82: unidade | D82: 1 | E82: =G34 -> 468912 | F82: =D82*E82 -> 468912
A83: Vida útil do veícuo | C83: anos | D83: =C34 -> 10
A84: Depreciação do veículo | C84: % | E84: =F82 -> 468912 | F84: =D84*E84/100 -> 0
A85: Depreciação mensal veículos | C85: mês | D85: =D83*12 -> 120 | E85: =F84 -> 0 | F85: =IFERROR(E85/D85,0) -> 0
A86: Total da frota | C86: unidade | D86: =F34 -> 1 | E86: =F85 -> 0 | F86: =D86*E86 -> 0 | G86: =F86 -> 0 | H86: =G86/G$38 -> 0
A88: 2.2 Remuneração do Capital
A89: Discriminação | C89: Unidade | D89: Quantidade | E89: Custo unitário | F89: Subtotal | G89: Total (R$) | H89: R$/Km
A90: Custo do veículo | C90: unidade | D90: 1 | E90: =E82 -> 468912 | F90: =D90*E90 -> 468912
A91: Taxa de juros anual nominal | C91: %
A92: Valor do veículo proposto (Vo) | C92: R$ | D92: =F90 -> 468912
A93: Valor residual do veículo proposto (Vr) | D93: =F82-F84 -> 468912
A94: Investimento médio total do veículo | C94: R$ | D94: =(D92-D93)*((D83+1)/(2*D83))+D93 -> 468912
A95: Remuneração mensal de capital do veículo | C95: R$ | E95: =ROUND(D91*D94/12/100,2) -> 0 | F95: =E95 -> 0
A96: Total por veículo | F96: =F95 -> 0
A97: Total da frota | C97: unidade | D97: =D86 -> 1 | E97: =F96 -> 0 | F97: =D97*E97 -> 0 | G97: =F97 -> 0 | H97: =G97/G$38 -> 0
A99: 2.3. Impostos e Seguros
A100: Discriminação | C100: Unidade | D100: Quantidade | E100: Custo unitário | F100: Subtotal | G100: Total (R$) | H100: R$/Km
A101: IPVA | C101: unidade | D101: =D86 -> 1 | E101: =0.01*($F$82) -> 4689.12 | F101: =D101*E101 -> 4689.12
A102: Licenciamento | C102: unidade | D102: =D86 -> 1 | E102: 160.22 | F102: =D102*E102 -> 160.22
A103: Seguro contra terceiros | C103: unidade | D103: =D86 -> 1 | E103: 1310.25 | F103: =D103*E103 -> 1310.25
A104: Seguro contra acidentes (pacientes) | C104: unidade | D104: 1 | E104: 1171.9 | F104: =D104*E104 -> 1171.9
A105: Aferição do tacógrafo | C105: unidade | D105: 1 | E105: 540.09 | F105: =D105*E105 -> 540.09
A106: RECEFITUR DAER | C106: unidade | D106: 1 | E106: 400 | F106: =D106*E106 -> 400
A107: Locação de veículo dois dias por mês | C107: unidade | D107: 1 | E107: =370*2 -> 740 | F107: =E107*12 -> 8880
A108: Vistorias Técnicas | C108: unidade | D108: 1 | E108: 45 | F108: =D108*E108 -> 45
A109: Impostos e seguros mensais | C109: mês | D109: 12 | E109: =SUM(F101:F108) -> 17196.58 | F109: =ROUND(E109/D109,2) -> 1433.05 | G109: =F109 -> 1433.05 | H109: =G109/G$38 -> 1.7779777
A111: 2.4. Consumos
A112: Quilometragem mensal | C112: =G38 -> 806
A113: Discriminação | C113: Unidade | D113: Consumo | E113: Custo unitário | F113: Subtotal | G113: Total (R$) | H113: R$/Km
A114: Custo de óleo diesel / km rodado | C114: km/l | D114: =F35 -> 7.5 | E114: =G35 -> 5.54
A115: Custo mensal com óleo diesel S-10 | C115: km | D115: =C112 -> 806 | E115: =IFERROR(+E114/D114,"-") -> 0.73866667 | F115: =IFERROR(D115*E115,"-") -> 595.36533
...

Sheet Candelária - 52 lugares
A1: PLANILHA DE COMPOSIÇÃO DE CUSTOS E FORMAÇÃO DE PREÇO
A2: GRUPO A - Identificação
A3: Nº do processo: | B3: 7032-2024 | C3: Nº Licitação: | F3: Data:
A4: Veículo: | B4: Ônibus com 52 lugares | D4: Serviço: | E4: Transporte de Pacientes CANDELÁRIA
A6: GRUPO B - Orçamento Sintético
A7: Formas de Tributação | C7: LUCRO REAL | E7: LUCRO PRESUMIDO | G7: SIMPLES NAC.
A8: Descrição do Item | C8: Custo (R$/mês) | D8: AV % | E8: Custo (R$/mês) | F8: AV % | G8: Custo (R$/mês) | H8: AV %
A9: =A45 -> 1. Mão-de-obra | C9: =+G76 -> 2375.21 | D9: =SUM(D10:D12) -> 0.125 | E9: =G76 -> 2375.21 | F9: =SUM(F10:F12) -> 0.13294838 | G9: =G77 -> 1947.205 | H9: =SUM(H10:H12) -> 0.1116
A10: 1.1. Motorista | C10: =G55 -> 1932.16 | D10: =ROUND(IFERROR(C10/$C$25,0),4) -> 0.1017 | E10: =C10 -> 1932.16 | F10: =(IFERROR(E10/$E$25,0)) -> 0.1081494 | G10: =G61 -> 1504.155 | H10: =ROUND(IFERROR(G10/$G$25,0),4)+0.0001 -> 0.0863
A11: =A63 -> 1.2. Vale Transporte | C11: =G68 -> 53.05 | D11: =ROUND(IFERROR(C11/$C$25,0),4) -> 0.0028 | E11: =C11 -> 53.05 | F11: =(IFERROR(E11/$E$25,0)) -> 0.0029693845 | G11: =E11 -> 53.05 | H11: =ROUND(IFERROR(G11/$G$25,0),4) -> 0.003
A12: =A70 -> 1.3. Vale-refeição (diário) | C12: =G73 -> 390 | D12: =ROUND(IFERROR(C12/$C$25,0),4) -> 0.0205 | E12: =C12 -> 390 | F12: =(IFERROR(E12/$E$25,0)) -> 0.021829594 | G12: =E12 -> 390 | H12: =ROUND(IFERROR(G12/$G$25,0),4) -> 0.0223
A13: =A79 -> 2. Veículos | C13: =G146 -> 11878.826 | D13: =SUM(D14:D20) -> 0.6252 | E13: =C13 -> 11878.826 | F13: =SUM(F14:F20) -> 0.66489727 | G13: =E13 -> 11878.826 | H13: =SUM(H14:H20) -> 0.6804
A14: =A80 -> 2.1 Depreciação | C14: =G86 -> 2682.9989 | D14: =ROUND(IFERROR(C14/$C$25,0),4) -> 0.1412 | E14: =C14 -> 2682.9989 | F14: =(IFERROR(E14/$E$25,0)) -> 0.15017635 | G14: =E14 -> 2682.9989 | H14: =ROUND(IFERROR(G14/$G$25,0),4) -> 0.1537
A15: =A88 -> 2.2 Remuneração do Capital | C15: =G97 -> 3054.39 | D15: =ROUND(IFERROR(C15/$C$25,0),4) -> 0.1608 | E15: =C15 -> 3054.39 | F15: =(IFERROR(E15/$E$25,0)) -> 0.17096434 | G15: =E15 -> 3054.39 | H15: =ROUND(IFERROR(G15/$G$25,0),4) -> 0.1749
A16: =A99 -> 2.3. Impostos e Seguros | C16: =G108 -> 713.92 | D16: =ROUND(IFERROR(C16/$C$25,0),4) -> 0.0376 | E16: =C16 -> 713.92 | F16: =(IFERROR(E16/$E$25,0)) -> 0.03996047 | G16: =E16 -> 713.92 | H16: =ROUND(IFERROR(G16/$G$25,0),4) -> 0.0409
A17: =A110 -> 2.4. Consumos | C17: =G123 -> 2724.92 | D17: =ROUND(IFERROR(C17/$C$25,0),4) -> 0.1434 | E17: =C17 -> 2724.92 | F17: =(IFERROR(E17/$E$25,0)) -> 0.15252281 | G17: =E17 -> 2724.92 | H17: =ROUND(IFERROR(G17/$G$25,0),4) -> 0.1561
A18: =A125 -> 2.5. Manutenção e Pedágios | C18: =G130 -> 2360 | D18: =ROUND(IFERROR(C18/$C$25,0),4) -> 0.1242 | E18: =C18 -> 2360 | F18: =(IFERROR(E18/$E$25,0)) -> 0.13209703 | G18: =E18 -> 2360 | H18: =ROUND(IFERROR(G18/$G$25,0),4) -> 0.1352
A19: =A132 -> 2.6. Pneus | C19: =G138 -> 270.19 | D19: =ROUND(IFERROR(C19/$C$25,0),4) -> 0.0142 | E19: =C19 -> 270.19 | F19: =(IFERROR(E19/$E$25,0)) -> 0.01512343 | G19: =E19 -> 270.19 | H19: =ROUND(IFERROR(G19/$G$25,0),4) -> 0.0155
A20: =A140 -> 2.7. Rastreador GPS | C20: =G144 -> 72.406667 | D20: =ROUND(IFERROR(C20/$C$25,0),4) -> 0.0038 | E20: =C20 -> 72.406667 | F20: =(IFERROR(E20/$E$25,0)) -> 0.0040528413 | G20: =E20 -> 72.406667 | H20: =ROUND(IFERROR(G20/$G$25,0),4) -> 0.0041
A21: =A148 -> 3. Ferramentas e Materiais de Consumo | C21: =+G154 -> 100.5 | D21: =ROUND(IFERROR(C21/$C$25,0),4) -> 0.0053 | E21: =C21 -> 100.5 | F21: =(IFERROR(E21/$E$25,0)) -> 0.0056253183 | G21: =E21 -> 100.5 | H21: =ROUND(IFERROR(G21/$G$25,0),4) -> 0.0058
A22: =A161 -> 4. Benefícios e Desp. Ind. - BDI - LUCRO REAL | C22: =+G166 -> 4643.69 | D22: =ROUND(IFERROR(C22/$C$25,0),4) -> 0.2444
A23: =A174 -> 5. Benefícios e Desp. Ind. - BDI - LUCRO PRESUMIDO | E23: =G180 -> 3511.12 | F23: =(IFERROR(E23/$E$25,0)) -> 0.19652903
A24: =A188 -> 6. Benef. Desp. Ind. + Impostos - SIMPLES NACIONAL | G24: =G194+G204 -> 3532.77 | H24: =ROUND(IFERROR(G24/$G$25,0),4) -> 0.2023
A25: PREÇO TOTAL MÊS (R$/Mês) | C25: =C9+C13+C21+C22 -> 18998.226 | D25: =D9+D13+D21+D22 -> 0.9999 | E25: =E9+E13+E21+E23 -> 17865.656 | F25: =F9+F13+F21+F23 -> 1 | G25: =G9+G13+G21+G24 -> 17459.301 | H25: =H9+H13+H21+H24 -> 1.0001
A26: PREÇO POR QUILOMETRO (R$/Km) | C26: =G172 -> 6.9846418 | E26: =G186 -> 6.5682557 | G26: =G211 -> 6.4188609
A28: GRUPO C - Informações sobre
A29: C1- Mão-de-obra | F29: Quantidade | G29: R$ / mês
A30: Motorista | F30: 1 | G30: 2265
A31: Total de mão-de-obra (postos de trabalho) | F31: =SUM(F30:F30) -> 1 | G31: =SUM(G30:G30) -> 2265
A33: C2- Veículos | C33: Vida útil do Veículo | D33: Taxa depre- ciação Anual | E33: Capacidade (Lugares) | F33: Quantidade | G33: Valor (R$)
A34: Veículo mod. Volare Fretamento W9 - D9 23/24-Diesel | C34: 10 | D34: =1/C34 -> 0.1 | E34: 52 | F34: 1 | G34: 493955
A35: Consumo médio (Km / litro) e Valor do litro (R$) | E35: DIESEL S500 | F35: 6 | G35: 5.62
A37: C3- Distâncias | C37: Unidade | F37: Km por dia | G37: Km por mês
A38: Distância percorrida | C38: Km | F38: 136 | G38: =F38*F39 -> 2720 | I38: =G38*12 -> 32640
A39: Dias rodados por mês | C39: Dias | F39: 20
A41: C4- Fatores | C41: % | D41: Aplicação
A42: Fator de utilização (FU) | C42: 0.5 | D42: Equipe, Vale transporte e vale alimentação | I42: =136/80 -> 1.7 | J42: TEMPO DESLOCAMENTO 2 HORAS
I43: 2 | J43: TEMPO COM PACIENTES 2 HORAS
A44: CÁLCULOS (itenização numérica) | I44: 4 | J44: TOTAL - METADE DO DIA
A45: 1. Mão-de-obra
A46: 1.1. Motorista - EMPRESA LUCRO REAL E PRESUMIDO
A47: Discriminação | C47: Unidade | D47: Quantidade | E47: Custo unitário | F47: Subtotal | G47: Total (R$) | H47: R$/Km
A48: Piso da categoria | C48: mês | D48: 1 | E48: =G30 -> 2265 | F48: =D48*E48 -> 2265
A49: Adicional noturno | C49: Nº hs/ mês | E49: =(E48/220)*0.2 -> 2.0590909 | F49: =D49*E49 -> 0
A50: Descanso Semanal Remunerado (DSR) - Ad.Not. | C50: R$ | E50: =((D49/F39)*5)*(SUM(E49)) -> 0 | F50: =E50 -> 0
A51: Soma | F51: =SUM(F48:F50) -> 2265
A52: Encargos Sociais | C52: % | D52: ='Enc. Soc. - LR-LP e SN'!C$28*100 -> 70.61 | E52: =F51 -> 2265 | F52: =ROUND(E52*D52/100,2) -> 1599.32
A53: Total por Motorista | F53: =F51+F52 -> 3864.32
A54: Total do Efetivo | C54: homem | D54: =F30 -> 1 | E54: =F53 -> 3864.32 | F54: =D54*E54 -> 3864.32 | G54: =F54 -> 3864.32 | H54: =G54/G$38 -> 1.4207059
E55: Fator de utilização | F55: =$C$42 -> 0.5 | G55: =F54*F55 -> 1932.16 | H55: =G55/G$38 -> 0.71035294
A57: 1.1.1- Motorista - EMPRESA SIMPLES NACIONAL
A58: Encargos Sociais | C58: % | D58: ='Enc. Soc. - LR-LP e SN'!C$38*100 -> 32.81728 | E58: =F51 -> 2265 | F58: =ROUND(E58*D58/100,2) -> 743.31
A59: Total por Motorista | F59: =E58+F58 -> 3008.31
A60: Total do Efetivo | C60: homem | D60: =D54 -> 1 | E60: =F59 -> 3008.31 | F60: =D60*E60 -> 3008.31 | G60: =F60 -> 3008.31 | H60: =G60/G$38 -> 1.1059963
E61: Fator de utilização | F61: =$C$42 -> 0.5 | G61: =F60*F61 -> 1504.155 | H61: =G61/G$38 -> 0.55299816
A63: 1.2. Vale Transporte
A64: Discriminação | C64: Unidade | D64: Quantidade | E64: Custo unitário | F64: Subtotal | G64: Total (R$) | H64: R$/Km
A65: Vale Transporte | C65: R$ | D65: 1 | E65: 6.05
A66: Dias Trabalhados por mês | C66: dia | D66: =F39 -> 20
A67: Motorista (Vlr líq. desc. 6,% s/piso sal.) | C67: vale | D67: =$D$66*2*(F30) -> 40 | E67: =IF(E65=0,"",IFERROR((($D$66*2*$E$65)-(F48*0.06*D66/D66))/($D$66*2),"-")) -> 2.6525 | F67: =IFERROR(D67*E67,"-") -> 106.1 | G67: =F67 -> 106.1 | H67: =G67/G$38 -> 0.039007353
E68: Fator de utilização | F68: =$C$42 -> 0.5 | G68: =F67*F68 -> 53.05 | H68: =G68/G$38 -> 0.019503676
A70: 1.3. Vale-refeição (diário)
A71: Discriminação | C71: Unidade | D71: Quantidade | E71: Custo unitário | F71: Subtotal | G71: Total (R$) | H71: R$/Km
A72: Motorista (Café e Almoço) | C72: unidade | D72: =D66*(F30) -> 20 | E72: =13+26 -> 39 | F72: =D72*E72 -> 780 | G72: =F72 -> 780 | H72: =G72/G$38 -> 0.28676471
E73: Fator de utilização | F73: =$C$42 -> 0.5 | G73: =F72*F73 -> 390 | H73: =G73/G$38 -> 0.14338235
A76: Custo Mensal com Mão-de-obra (R$/mês) - LUCRO REAL E PRESUMIDO | G76: =G55+G68+G73 -> 2375.21 | H76: =G76/G$38 -> 0.87323897
A77: Custo Mensal com Mão-de-obra (R$/mês) - SIMPLES NACIONAL | G77: =G61+G68+G73 -> 1947.205 | H77: =G77/G$38 -> 0.71588419
A79: 2. Veículos
A80: 2.1 Depreciação
A81: Discriminação | C81: Unidade | D81: Quantidade | E81: Custo unitário | F81: Subtotal | G81: Total (R$) | H81: R$/Km
A82: Custo de aquisição do veículo | C82: unidade | D82: 1 | E82: =G34 -> 493955 | F82: =D82*E82 -> 493955
A83: Vida útil do veícuo | C83: anos | D83: =C34 -> 10
A84: Depreciação do veículo | C84: % | D84: =Depr.!B12 -> 65.18 | E84: =F82 -> 493955 | F84: =D84*E84/100 -> 321959.87
A85: Depreciação mensal veículos | C85: mês | D85: =D83*12 -> 120 | E85: =F84 -> 321959.87 | F85: =IFERROR(E85/D85,0) -> 2682.9989
A86: Total da frota | C86: unidade | D86: =F34 -> 1 | E86: =F85 -> 2682.9989 | F86: =D86*E86 -> 2682.9989 | G86: =F86 -> 2682.9989 | H86: =G86/G$38 -> 0.98639666
A88: 2.2 Remuneração do Capital
A89: Discriminação | C89: Unidade | D89: Quantidade | E89: Custo unitário | F89: Subtotal | G89: Total (R$) | H89: R$/Km
A90: Custo do veículo | C90: unidade | D90: 1 | E90: =E82 -> 493955 | F90: =D90*E90 -> 493955
A91: Taxa de juros anual nominal | C91: % | D91: 10.5
A92: Valor do veículo proposto (Vo) | C92: R$ | D92: =F90 -> 493955
A93: Valor residual do veículo proposto (Vr) | D93: =F82-F84 -> 171995.13
A94: Investimento médio total do veículo | C94: R$ | D94: =(D92-D93)*((D83+1)/(2*D83))+D93 -> 349073.06
A95: Remuneração mensal de capital do veículo | C95: R$ | E95: =ROUND(D91*D94/12/100,2) -> 3054.39 | F95: =E95 -> 3054.39
A96: Total por veículo | F96: =F95 -> 3054.39
A97: Total da frota | C97: unidade | D97: =D86 -> 1 | E97: =F96 -> 3054.39 | F97: =D97*E97 -> 3054.39 | G97: =F97 -> 3054.39 | H97: =G97/G$38 -> 1.1229375
A99: 2.3. Impostos e Seguros
A100: Discriminação | C100: Unidade | D100: Quantidade | E100: Custo unitário | F100: Subtotal | G100: Total (R$) | H100: R$/Km
A101: IPVA | C101: unidade | D101: =D86 -> 1 | E101: =0.01*($F$82) -> 4939.55 | F101: =D101*E101 -> 4939.55
A102: Licenciamento | C102: unidade | D102: =D86 -> 1 | E102: 160.22 | F102: =D102*E102 -> 160.22
A103: Seguro contra terceiros | C103: unidade | D103: =D86 -> 1 | E103: 1310.25 | F103: =D103*E103 -> 1310.25
A104: Seguro contra acidentes (pacientes) | C104: unidade | D104: 1 | E104: 1171.9 | F104: =D104*E104 -> 1171.9
A105: Aferição do tacógrafo | C105: unidade | D105: 1 | E105: 540.09 | F105: =D105*E105 -> 540.09
A106: RECEFITUR DAER | C106: unidade | D106: 1 | E106: 400 | F106: =D106*E106 -> 400
A107: Vistorias Técnicas | C107: unidade | D107: 1 | E107: 45 | F107: =D107*E107 -> 45
A108: Impostos e seguros mensais | C108: mês | D108: 12 | E108: =SUM(F101:F107) -> 8567.01 | F108: =ROUND(E108/D108,2) -> 713.92 | G108: =F108 -> 713.92 | H108: =G108/G$38 -> 0.26247059
A110: 2.4. Consumos
A111: Quilometragem mensal | C111: =G38 -> 2720
A112: Discriminação | C112: Unidade | D112: Consumo | E112: Custo unitário | F112: Subtotal | G112: Total (R$) | H112: R$/Km
A113: Custo de óleo diesel / km rodado | C113: km/l | D113: =F35 -> 6 | E113: =G35 -> 5.62
A114: Custo mensal com óleo diesel S-10 | C114: km | D114: =C111 -> 2720 | E114: =IFERROR(+E113/D113,"-") -> 0.93666667 | F114: =IFERROR(D114*E114,"-") -> 2547.7333
...

Sheet Candelária - 21 lugares
A1: PLANILHA DE COMPOSIÇÃO DE CUSTOS E FORMAÇÃO DE PREÇO
A2: GRUPO A - Identificação
A3: Nº do processo: | B3: 7032-2024 e 10360-2024 | C3: Nº Licitação: | F3: Data:
A4: Veículo: | B4: Van com 21 lugares | D4: Serviço: | E4: Transporte de Pacientes Candelária
A6: GRUPO B - Orçamento Sintético
A7: Formas de Tributação | C7: LUCRO REAL | E7: LUCRO PRESUMIDO | G7: SIMPLES NAC.
A8: Descrição do Item | C8: Custo (R$/mês) | D8: AV % | E8: Custo (R$/mês) | F8: AV % | G8: Custo (R$/mês) | H8: AV %
A9: =A45 -> 1. Mão-de-obra | C9: =+G76 -> 2375.21 | D9: =SUM(D10:D12) -> 0.1795 | E9: =G76 -> 2375.21 | F9: =SUM(F10:F12) -> 0.19085704 | G9: =G77 -> 1947.205 | H9: =SUM(H10:H12) -> 0.1636
A10: 1.1. Motorista | C10: =G55 -> 1932.16 | D10: =ROUND(IFERROR(C10/$C$25,0),4) -> 0.146 | E10: =C10 -> 1932.16 | F10: =(IFERROR(E10/$E$25,0)) -> 0.15525631 | G10: =G61 -> 1504.155 | H10: =ROUND(IFERROR(G10/$G$25,0),4) -> 0.1263
A11: =A63 -> 1.2. Vale Transporte | C11: =G68 -> 53.05 | D11: =ROUND(IFERROR(C11/$C$25,0),4) -> 0.004 | E11: =C11 -> 53.05 | F11: =(IFERROR(E11/$E$25,0)) -> 0.0042627667 | G11: =E11 -> 53.05 | H11: =ROUND(IFERROR(G11/$G$25,0),4) -> 0.0045
A12: =A70 -> 1.3. Vale-refeição (diário) | C12: =G73 -> 390 | D12: =ROUND(IFERROR(C12/$C$25,0),4) -> 0.0295 | E12: =C12 -> 390 | F12: =(IFERROR(E12/$E$25,0)) -> 0.031337965 | G12: =E12 -> 390 | H12: =ROUND(IFERROR(G12/$G$25,0),4) -> 0.0328
A13: =A79 -> 2. Veículos | C13: =+G148 -> 7523.459 | D13: =SUM(D14:D20) -> 0.5685 | E13: =C13 -> 7523.459 | F13: =SUM(F14:F20) -> 0.60453819 | G13: =E13 -> 7523.459 | H13: =SUM(H14:H20) -> 0.632
A14: =A80 -> 2.1 Depreciação | C14: =G86 -> 1133.1923 | D14: =ROUND(IFERROR(C14/$C$25,0),4) -> 0.0856 | E14: =C14 -> 1133.1923 | F14: =(IFERROR(E14/$E$25,0)) -> 0.091056259 | G14: =E14 -> 1133.1923 | H14: =ROUND(IFERROR(G14/$G$25,0),4) -> 0.0952
A15: =A88 -> 2.2 Remuneração do Capital | C15: =G97 -> 1290.05 | D15: =ROUND(IFERROR(C15/$C$25,0),4) -> 0.0975 | E15: =C15 -> 1290.05 | F15: =(IFERROR(E15/$E$25,0)) -> 0.10366036 | G15: =E15 -> 1290.05 | H15: =ROUND(IFERROR(G15/$G$25,0),4) -> 0.1084
A16: =A99 -> 2.3. Impostos e Seguros | C16: =G108 -> 476.14 | D16: =ROUND(IFERROR(C16/$C$25,0),4) -> 0.036 | E16: =C16 -> 476.14 | F16: =(IFERROR(E16/$E$25,0)) -> 0.038259637 | G16: =E16 -> 476.14 | H16: =ROUND(IFERROR(G16/$G$25,0),4) -> 0.04
A17: =A110 -> 2.4. Consumos | C17: =G125 -> 2241.48 | D17: =ROUND(IFERROR(C17/$C$25,0),4) -> 0.1694 | E17: =C17 -> 2241.48 | F17: =(IFERROR(E17/$E$25,0)) -> 0.18011134 | G17: =E17 -> 2241.48 | H17: =ROUND(IFERROR(G17/$G$25,0),4) -> 0.1883
A18: =A127 -> 2.5. Manutenção | C18: =G132 -> 2040 | D18: =ROUND(IFERROR(C18/$C$25,0),4) -> 0.1541 | E18: =C18 -> 2040 | F18: =(IFERROR(E18/$E$25,0)) -> 0.16392166 | G18: =E18 -> 2040 | H18: =ROUND(IFERROR(G18/$G$25,0),4) -> 0.1713
A19: =A134 -> 2.6. Pneus | C19: =G140 -> 270.19 | D19: =ROUND(IFERROR(C19/$C$25,0),4) -> 0.0204 | E19: =C19 -> 270.19 | F19: =(IFERROR(E19/$E$25,0)) -> 0.021710781 | G19: =E19 -> 270.19 | H19: =ROUND(IFERROR(G19/$G$25,0),4) -> 0.0227
A20: =A142 -> 2.7. Rastreador GPS | C20: =G146 -> 72.406667 | D20: =ROUND(IFERROR(C20/$C$25,0),4) -> 0.0055 | E20: =C20 -> 72.406667 | F20: =(IFERROR(E20/$E$25,0)) -> 0.0058181476 | G20: =E20 -> 72.406667 | H20: =ROUND(IFERROR(G20/$G$25,0),4) -> 0.0061
A21: =A150 -> 3. Ferramentas e Materiais de Consumo | C21: =+G158 -> 100.5 | D21: =ROUND(IFERROR(C21/$C$25,0),4) -> 0.0076 | E21: =C21 -> 100.5 | F21: =(IFERROR(E21/$E$25,0)) -> 0.0080755525 | G21: =E21 -> 100.5 | H21: =ROUND(IFERROR(G21/$G$25,0),4) -> 0.0084
A22: =A163 -> 4. Benefícios e Desp. Ind. - BDI - LUCRO REAL | C22: =+G168 -> 3234.73 | D22: =ROUND(IFERROR(C22/$C$25,0),4) -> 0.2444
A23: =A176 -> 5. Benefícios e Desp. Ind. - BDI - LUCRO PRESUMIDO | E23: =G182 -> 2445.8 | F23: =(IFERROR(E23/$E$25,0)) -> 0.19652922
A24: =A190 -> 6. Benef. Desp. Ind. + Impostos - SIMPLES NACIONAL | G24: =G193+G206 -> 2334.76 | H24: =ROUND(IFERROR(G24/$G$25,0),4) -> 0.1961
A25: PREÇO TOTAL MÊS (R$/Mês) | C25: =C9+C13+C21+C22 -> 13233.899 | D25: =D9+D13+D21+D22 -> 1 | E25: =E9+E13+E21+E23 -> 12444.969 | F25: =F9+F13+F21+F23 -> 1 | G25: =G9+G13+G21+G24 -> 11905.924 | H25: =H9+H13+H21+H24 -> 1.0001
A26: PREÇO POR QUILOMETRO (R$/Km) | C26: =G174 -> 4.87 | E26: =G188 -> 4.58 | G26: =G213 -> 4.38
A28: GRUPO C - Informações sobre
A29: C1- Mão-de-obra | F29: Quantidade | G29: R$ / mês
A30: Motoristas | F30: 1 | G30: 2265
A31: Total de mão-de-obra (postos de trabalho) | F31: =SUM(F30:F30) -> 1 | G31: =SUM(G30:G30) -> 2265
A33: C2- Veículos | C33: Vida útil do Veículo | D33: Taxa depre- ciação Anual | E33: Capacidade (Lugares) | F33: Quantidade | G33: Valor (R$)
A34: Veículo mod. Sprinter 517 chassi longo ano 2024-Diesel | C34: 10 | D34: =1/C34 -> 0.1 | E34: 21 | F34: 1 | G34: 208627
A35: Consumo médio (Km / litro) e Valor do litro (R$) | E35: diesel BS10 | F35: 7.5 | G35: 5.54
A37: C3- Distâncias | C37: Unidade | F37: Km por dia | G37: Km por mês
A38: Distância percorrida | C38: Km | F38: 136 | G38: =F38*F39 -> 2720 | I38: =G38*12 -> 32640
A39: Dias rodados por mês | C39: Dias | F39: 20
A41: C4- Fatores | C41: % | D41: Aplicação | J41: =136/80 -> 1.7 | K41: TEMPO DESLOCAMENTO 2 HORAS
A42: Fator de utilização (FU) | C42: =100/20*F39/2/100 -> 0.5 | D42: Equipe, Vale transporte e vale alimentação | J42: 2 | K42: TEMPO COM PACIENTES 2 HORAS
J43: 4 | K43: TOTAL - METADE DO DIA
A44: CÁLCULOS (itenização numérica)
A45: 1. Mão-de-obra
A46: 1.1. Motorista - EMPRESA LUCRO REAL E PRESUMIDO
A47: Discriminação | C47: Unidade | D47: Quantidade | E47: Custo unitário | F47: Subtotal | G47: Total (R$) | H47: R$/Km
A48: Piso da categoria | C48: mês | D48: 1 | E48: =G30 -> 2265 | F48: =D48*E48 -> 2265
A49: Adicional noturno | C49: Nº hs/ mês | E49: =(E48/220)*0.2 -> 2.0590909 | F49: =D49*E49 -> 0
A50: Descanso Semanal Remunerado (DSR) - Ad.Not. | C50: R$ | E50: =((D49/F39)*5)*(SUM(E49)) -> 0 | F50: =E50 -> 0
A51: Soma | F51: =SUM(F48:F50) -> 2265
A52: Encargos Sociais | C52: % | D52: ='Enc. Soc. - LR-LP e SN'!C$28*100 -> 70.61 | E52: =F51 -> 2265 | F52: =ROUND(E52*D52/100,2) -> 1599.32
A53: Total por Motorista | F53: =F51+F52 -> 3864.32
A54: Total do Efetivo | C54: homem | D54: =F30 -> 1 | E54: =F53 -> 3864.32 | F54: =D54*E54 -> 3864.32 | G54: =F54 -> 3864.32 | H54: =G54/G$38 -> 1.4207059
E55: Fator de utilização | F55: =$C$42 -> 0.5 | G55: =F54*F55 -> 1932.16 | H55: =G55/G$38 -> 0.71035294
A57: 1.1.1- Motorista - EMPRESA SIMPLES NACIONAL
A58: Encargos Sociais | C58: % | D58: ='Enc. Soc. - LR-LP e SN'!C$38*100 -> 32.81728 | E58: =F51 -> 2265 | F58: =ROUND(E58*D58/100,2) -> 743.31
A59: Total por Motorista | F59: =E58+F58 -> 3008.31
A60: Total do Efetivo | C60: homem | D60: =D54 -> 1 | E60: =F59 -> 3008.31 | F60: =D60*E60 -> 3008.31 | G60: =F60 -> 3008.31 | H60: =G60/G$38 -> 1.1059963
E61: Fator de utilização | F61: =$C$42 -> 0.5 | G61: =F60*F61 -> 1504.155 | H61: =G61/G$38 -> 0.55299816
A63: 1.2. Vale Transporte
A64: Discriminação | C64: Unidade | D64: Quantidade | E64: Custo unitário | F64: Subtotal | G64: Total (R$) | H64: R$/Km
A65: Vale Transporte | C65: R$ | D65: 1 | E65: 6.05
A66: Dias Trabalhados por mês | C66: dia | D66: 20
A67: Motorista (Vlr líq. desc. 6,% s/piso sal.) | C67: vale | D67: =$D$66*2*(F30) -> 40 | E67: =IF(E65=0,"",IFERROR((($D$66*2*$E$65)-(F48*0.06*D66/D66))/($D$66*2),"-")) -> 2.6525 | F67: =IFERROR(D67*E67,"-") -> 106.1 | G67: =F67 -> 106.1 | H67: =G67/G$38 -> 0.039007353
E68: Fator de utilização | F68: =$C$42 -> 0.5 | G68: =F67*F68 -> 53.05 | H68: =G68/G$38 -> 0.019503676
A70: 1.3. Vale-refeição (diário)
A71: Discriminação | C71: Unidade | D71: Quantidade | E71: Custo unitário | F71: Subtotal | G71: Total (R$) | H71: R$/Km
A72: Motorista (Café e Almoço) | C72: unidade | D72: =D66*(F30) -> 20 | E72: =13+26 -> 39 | F72: =D72*E72 -> 780 | G72: =F72 -> 780 | H72: =G72/G$38 -> 0.28676471
E73: Fator de utilização | F73: =$C$42 -> 0.5 | G73: =F72*F73 -> 390 | H73: =G73/G$38 -> 0.14338235
A76: Custo Mensal com Mão-de-obra (R$/mês) - LUCRO REAL E PRESUMIDO | G76: =G55+G68+G73 -> 2375.21 | H76: =G76/G$38 -> 0.87323897
A77: Custo Mensal com Mão-de-obra (R$/mês) - SIMPLES NACIONAL | G77: =G61+G68+G73 -> 1947.205 | H77: =G77/G$38 -> 0.71588419
A79: 2. Veículos
A80: 2.1 Depreciação
A81: Discriminação | C81: Unidade | D81: Quantidade | E81: Custo unitário | F81: Subtotal | G81: Total (R$) | H81: R$/Km
A82: Custo de aquisição do veículo | C82: unidade | D82: 1 | E82: =G34 -> 208627 | F82: =D82*E82 -> 208627
A83: Vida útil do veícuo | C83: anos | D83: =C34 -> 10
A84: Depreciação do veículo | C84: % | D84: =Depr.!B12 -> 65.18 | E84: =F82 -> 208627 | F84: =D84*E84/100 -> 135983.08
A85: Depreciação mensal veículos | C85: mês | D85: =D83*12 -> 120 | E85: =F84 -> 135983.08 | F85: =IFERROR(E85/D85,0) -> 1133.1923
A86: Total da frota | C86: unidade | D86: =F34 -> 1 | E86: =F85 -> 1133.1923 | F86: =D86*E86 -> 1133.1923 | G86: =F86 -> 1133.1923 | H86: =G86/G$38 -> 0.41661482
A88: 2.2 Remuneração do Capital
A89: Discriminação | C89: Unidade | D89: Quantidade | E89: Custo unitário | F89: Subtotal | G89: Total (R$) | H89: R$/Km
A90: Custo do veículo | C90: unidade | D90: 1 | E90: =E82 -> 208627 | F90: =D90*E90 -> 208627
A91: Taxa de juros anual nominal | C91: % | D91: 10.5
A92: Valor do veículo proposto (Vo) | C92: R$ | D92: =F90 -> 208627
A93: Valor residual do veículo proposto (Vr) | D93: =F82-F84 -> 72643.921
A94: Investimento médio total do veículo | C94: R$ | D94: =(D92-D93)*((D83+1)/(2*D83))+D93 -> 147434.61
A95: Remuneração mensal de capital do veículo | C95: R$ | E95: =ROUND(D91*D94/12/100,2) -> 1290.05 | F95: =E95 -> 1290.05
A96: Total por veículo | F96: =F95 -> 1290.05
A97: Total da frota | C97: unidade | D97: =D86 -> 1 | E97: =F96 -> 1290.05 | F97: =D97*E97 -> 1290.05 | G97: =F97 -> 1290.05 | H97: =G97/G$38 -> 0.47428309
A99: 2.3. Impostos e Seguros
A100: Discriminação | C100: Unidade | D100: Quantidade | E100: Custo unitário | F100: Subtotal | G100: Total (R$) | H100: R$/Km
A101: IPVA | C101: unidade | D101: =D86 -> 1 | E101: =0.01*($F$82) -> 2086.27 | F101: =D101*E101 -> 2086.27
A102: Licenciamento | C102: unidade | D102: =D86 -> 1 | E102: 160.22 | F102: =D102*E102 -> 160.22
A103: Seguro contra terceiros | C103: unidade | D103: =D86 -> 1 | E103: 1310.25 | F103: =D103*E103 -> 1310.25
A104: Seguro contra acidentes (pacientes) | C104: unidade | D104: 1 | E104: 1171.9 | F104: =D104*E104 -> 1171.9
A105: Aferição do tacógrafo | C105: unidade | D105: 1 | E105: 540.09 | F105: =D105*E105 -> 540.09
A106: RECEFITUR DAER | C106: unidade | D106: 1 | E106: 400 | F106: =D106*E106 -> 400
A107: Vistorias Técnicas | C107: unidade | D107: 1 | E107: 45 | F107: =D107*E107 -> 45
A108: Impostos e seguros mensais | C108: mês | D108: 12 | E108: =SUM(F101:F107) -> 5713.73 | F108: =ROUND(E108/D108,2) -> 476.14 | G108: =F108 -> 476.14 | H108: =G108/G$38 -> 0.17505147
A110: 2.4. Consumos
A111: Quilometragem mensal | C111: =G38 -> 2720
A112: Discriminação | C112: Unidade | D112: Consumo | E112: Custo unitário | F112: Subtotal | G112: Total (R$) | H112: R$/Km
A113: Custo de óleo diesel / km rodado | C113: km/l | D113: =F35 -> 7.5 | E113: =G35 -> 5.54
A114: Custo mensal com óleo diesel S-10 | C114: km | D114: =C111 -> 2720 | E114: =IFERROR(+E113/D113,"-") -> 0.73866667 | F114: =IFERROR(D114*E114,"-") -> 2009.1733
...

Sheet Candelária - 33 lugares
A1: PLANILHA DE COMPOSIÇÃO DE CUSTOS E FORMAÇÃO DE PREÇO
A2: GRUPO A - Identificação
A3: Nº do processo: | B3: 7032-2024 e 10360-2024 | C3: Nº Licitação: | F3: Data:
A4: Veículo: | B4: Van com 33 lugares | D4: Serviço: | E4: Transporte de Pacientes Candelária
A6: GRUPO B - Orçamento Sintético
A7: Formas de Tributação | C7: LUCRO REAL | E7: LUCRO PRESUMIDO | G7: SIMPLES NAC.
A8: Descrição do Item | C8: Custo (R$/mês) | D8: AV % | E8: Custo (R$/mês) | F8: AV % | G8: Custo (R$/mês) | H8: AV %
A9: =A45 -> 1. Mão-de-obra | C9: =+G76 -> 2375.21 | D9: =SUM(D10:D12) -> 0.1336 | E9: =G76 -> 2375.21 | F9: =SUM(F10:F12) -> 0.14213644 | G9: =G77 -> 1947.205 | H9: =SUM(H10:H12) -> 0.1204
A10: 1.1. Motorista | C10: =G55 -> 1932.16 | D10: =ROUND(IFERROR(C10/$C$25,0),4) -> 0.1087 | E10: =C10 -> 1932.16 | F10: =(IFERROR(E10/$E$25,0)) -> 0.11562361 | G10: =G61 -> 1504.155 | H10: =ROUND(IFERROR(G10/$G$25,0),4) -> 0.093
A11: =A63 -> 1.2. Vale Transporte | C11: =G68 -> 53.05 | D11: =ROUND(IFERROR(C11/$C$25,0),4) -> 0.003 | E11: =C11 -> 53.05 | F11: =(IFERROR(E11/$E$25,0)) -> 0.0031745986 | G11: =E11 -> 53.05 | H11: =ROUND(IFERROR(G11/$G$25,0),4) -> 0.0033
A12: =A70 -> 1.3. Vale-refeição (diário) | C12: =G73 -> 390 | D12: =ROUND(IFERROR(C12/$C$25,0),4) -> 0.0219 | E12: =C12 -> 390 | F12: =(IFERROR(E12/$E$25,0)) -> 0.023338236 | G12: =E12 -> 390 | H12: =ROUND(IFERROR(G12/$G$25,0),4) -> 0.0241
A13: =A79 -> 2. Veículos | C13: =+G148 -> 10950.914 | D13: =SUM(D14:D20) -> 0.6162 | E13: =C13 -> 10950.914 | F13: =SUM(F14:F20) -> 0.65532058 | G13: =E13 -> 10950.914 | H13: =SUM(H14:H20) -> 0.6773
A14: =A80 -> 2.1 Depreciação | C14: =G86 -> 2628.6877 | D14: =ROUND(IFERROR(C14/$C$25,0),4) -> 0.1479 | E14: =C14 -> 2628.6877 | F14: =(IFERROR(E14/$E$25,0)) -> 0.15730496 | G14: =E14 -> 2628.6877 | H14: =ROUND(IFERROR(G14/$G$25,0),4) -> 0.1626
A15: =A88 -> 2.2 Remuneração do Capital | C15: =G97 -> 2992.56 | D15: =ROUND(IFERROR(C15/$C$25,0),4) -> 0.1684 | E15: =C15 -> 2992.56 | F15: =(IFERROR(E15/$E$25,0)) -> 0.17907967 | G15: =E15 -> 2992.56 | H15: =ROUND(IFERROR(G15/$G$25,0),4) -> 0.1851
A16: =A99 -> 2.3. Impostos e Seguros | C16: =G108 -> 705.59 | D16: =ROUND(IFERROR(C16/$C$25,0),4) -> 0.0397 | E16: =C16 -> 705.59 | F16: =(IFERROR(E16/$E$25,0)) -> 0.042223657 | G16: =E16 -> 705.59 | H16: =ROUND(IFERROR(G16/$G$25,0),4) -> 0.0436
A17: =A110 -> 2.4. Consumos | C17: =G125 -> 2241.48 | D17: =ROUND(IFERROR(C17/$C$25,0),4) -> 0.1261 | E17: =C17 -> 2241.48 | F17: =(IFERROR(E17/$E$25,0)) -> 0.13413382 | G17: =E17 -> 2241.48 | H17: =ROUND(IFERROR(G17/$G$25,0),4) -> 0.1386
A18: =A127 -> 2.5. Manutenção | C18: =G132 -> 2040 | D18: =ROUND(IFERROR(C18/$C$25,0),4) -> 0.1148 | E18: =C18 -> 2040 | F18: =(IFERROR(E18/$E$25,0)) -> 0.12207693 | G18: =E18 -> 2040 | H18: =ROUND(IFERROR(G18/$G$25,0),4) -> 0.1262
A19: =A134 -> 2.6. Pneus | C19: =G140 -> 270.19 | D19: =ROUND(IFERROR(C19/$C$25,0),4) -> 0.0152 | E19: =C19 -> 270.19 | F19: =(IFERROR(E19/$E$25,0)) -> 0.01616861 | G19: =E19 -> 270.19 | H19: =ROUND(IFERROR(G19/$G$25,0),4) -> 0.0167
A20: =A142 -> 2.7. Rastreador GPS | C20: =G146 -> 72.406667 | D20: =ROUND(IFERROR(C20/$C$25,0),4) -> 0.0041 | E20: =C20 -> 72.406667 | F20: =(IFERROR(E20/$E$25,0)) -> 0.0043329331 | G20: =E20 -> 72.406667 | H20: =ROUND(IFERROR(G20/$G$25,0),4) -> 0.0045
A21: =A150 -> 3. Ferramentas e Materiais de Consumo | C21: =+G158 -> 100.5 | D21: =ROUND(IFERROR(C21/$C$25,0),4) -> 0.0057 | E21: =C21 -> 100.5 | F21: =(IFERROR(E21/$E$25,0)) -> 0.006014084 | G21: =E21 -> 100.5 | H21: =ROUND(IFERROR(G21/$G$25,0),4) -> 0.0062
A22: =A163 -> 4. Benefícios e Desp. Ind. - BDI - LUCRO REAL | C22: =+G168 -> 4343.51 | D22: =ROUND(IFERROR(C22/$C$25,0),4) -> 0.2444
A23: =A176 -> 5. Benefícios e Desp. Ind. - BDI - LUCRO PRESUMIDO | E23: =G182 -> 3284.15 | F23: =(IFERROR(E23/$E$25,0)) -> 0.19652889
A24: =A190 -> 6. Benef. Desp. Ind. + Impostos - SIMPLES NACIONAL | G24: =G193+G206 -> 3170.84 | H24: =ROUND(IFERROR(G24/$G$25,0),4) -> 0.1961
A25: PREÇO TOTAL MÊS (R$/Mês) | C25: =C9+C13+C21+C22 -> 17770.134 | D25: =D9+D13+D21+D22 -> 0.9999 | E25: =E9+E13+E21+E23 -> 16710.774 | F25: =F9+F13+F21+F23 -> 1 | G25: =G9+G13+G21+G24 -> 16169.459 | H25: =H9+H13+H21+H24 -> 1
A26: PREÇO POR QUILOMETRO (R$/Km) | C26: =G174 -> 6.53 | E26: =G188 -> 6.14 | G26: =G213 -> 5.94
A28: GRUPO C - Informações sobre
A29: C1- Mão-de-obra | F29: Quantidade | G29: R$ / mês
A30: Motoristas | F30: 1 | G30: 2265
A31: Total de mão-de-obra (postos de trabalho) | F31: =SUM(F30:F30) -> 1 | G31: =SUM(G30:G30) -> 2265
A33: C2- Veículos | C33: Vida útil do Veículo | D33: Taxa depre- ciação Anual | E33: Capacidade (Lugares) | F33: Quantidade | G33: Valor (R$)
A34: Veículo Marcopolo Volare Attack 9- fretamento ano 2024 | C34: 10 | D34: =1/C34 -> 0.1 | E34: 33 | F34: 1 | G34: 483956
A35: Consumo médio (Km / litro) e Valor do litro (R$) | E35: diesel BS10 | F35: 7.5 | G35: 5.54
A37: C3- Distâncias | C37: Unidade | F37: Km por dia | G37: Km por mês
A38: Distância percorrida | C38: Km | F38: 136 | G38: =F38*F39 -> 2720 | I38: =G38*12 -> 32640
A39: Dias rodados por mês | C39: Dias | F39: 20
A41: C4- Fatores | C41: % | D41: Aplicação | J41: =136/80 -> 1.7 | K41: TEMPO DESLOCAMENTO 2 HORAS
A42: Fator de utilização (FU) | C42: =100/20*F39/2/100 -> 0.5 | D42: Equipe, Vale transporte e vale alimentação | J42: 2 | K42: TEMPO COM PACIENTES 2 HORAS
J43: 4 | K43: TOTAL - METADE DO DIA
A44: CÁLCULOS (itenização numérica)
A45: 1. Mão-de-obra
A46: 1.1. Motorista - EMPRESA LUCRO REAL E PRESUMIDO
A47: Discriminação | C47: Unidade | D47: Quantidade | E47: Custo unitário | F47: Subtotal | G47: Total (R$) | H47: R$/Km
A48: Piso da categoria | C48: mês | D48: 1 | E48: =G30 -> 2265 | F48: =D48*E48 -> 2265
A49: Adicional noturno | C49: Nº hs/ mês | E49: =(E48/220)*0.2 -> 2.0590909 | F49: =D49*E49 -> 0
A50: Descanso Semanal Remunerado (DSR) - Ad.Not. | C50: R$ | E50: =((D49/F39)*5)*(SUM(E49)) -> 0 | F50: =E50 -> 0
A51: Soma | F51: =SUM(F48:F50) -> 2265
A52: Encargos Sociais | C52: % | D52: ='Enc. Soc. - LR-LP e SN'!C$28*100 -> 70.61 | E52: =F51 -> 2265 | F52: =ROUND(E52*D52/100,2) -> 1599.32
A53: Total por Motorista | F53: =F51+F52 -> 3864.32
A54: Total do Efetivo | C54: homem | D54: =F30 -> 1 | E54: =F53 -> 3864.32 | F54: =D54*E54 -> 3864.32 | G54: =F54 -> 3864.32 | H54: =G54/G$38 -> 1.4207059
E55: Fator de utilização | F55: =$C$42 -> 0.5 | G55: =F54*F55 -> 1932.16 | H55: =G55/G$38 -> 0.71035294
A57: 1.1.1- Motorista - EMPRESA SIMPLES NACIONAL
A58: Encargos Sociais | C58: % | D58: ='Enc. Soc. - LR-LP e SN'!C$38*100 -> 32.81728 | E58: =F51 -> 2265 | F58: =ROUND(E58*D58/100,2) -> 743.31
A59: Total por Motorista | F59: =E58+F58 -> 3008.31
A60: Total do Efetivo | C60: homem | D60: =D54 -> 1 | E60: =F59 -> 3008.31 | F60: =D60*E60 -> 3008.31 | G60: =F60 -> 3008.31 | H60: =G60/G$38 -> 1.1059963
E61: Fator de utilização | F61: =$C$42 -> 0.5 | G61: =F60*F61 -> 1504.155 | H61: =G61/G$38 -> 0.55299816
A63: 1.2. Vale Transporte
A64: Discriminação | C64: Unidade | D64: Quantidade | E64: Custo unitário | F64: Subtotal | G64: Total (R$) | H64: R$/Km
A65: Vale Transporte | C65: R$ | D65: 1 | E65: 6.05
A66: Dias Trabalhados por mês | C66: dia | D66: 20
A67: Motorista (Vlr líq. desc. 6,% s/piso sal.) | C67: vale | D67: =$D$66*2*(F30) -> 40 | E67: =IF(E65=0,"",IFERROR((($D$66*2*$E$65)-(F48*0.06*D66/D66))/($D$66*2),"-")) -> 2.6525 | F67: =IFERROR(D67*E67,"-") -> 106.1 | G67: =F67 -> 106.1 | H67: =G67/G$38 -> 0.039007353
E68: Fator de utilização | F68: =$C$42 -> 0.5 | G68: =F67*F68 -> 53.05 | H68: =G68/G$38 -> 0.019503676
A70: 1.3. Vale-refeição (diário)
A71: Discriminação | C71: Unidade | D71: Quantidade | E71: Custo unitário | F71: Subtotal | G71: Total (R$) | H71: R$/Km
A72: Motorista (Café e Almoço) | C72: unidade | D72: =D66*(F30) -> 20 | E72: =13+26 -> 39 | F72: =D72*E72 -> 780 | G72: =F72 -> 780 | H72: =G72/G$38 -> 0.28676471
E73: Fator de utilização | F73: =$C$42 -> 0.5 | G73: =F72*F73 -> 390 | H73: =G73/G$38 -> 0.14338235
A76: Custo Mensal com Mão-de-obra (R$/mês) - LUCRO REAL E PRESUMIDO | G76: =G55+G68+G73 -> 2375.21 | H76: =G76/G$38 -> 0.87323897
A77: Custo Mensal com Mão-de-obra (R$/mês) - SIMPLES NACIONAL | G77: =G61+G68+G73 -> 1947.205 | H77: =G77/G$38 -> 0.71588419
A79: 2. Veículos
A80: 2.1 Depreciação
A81: Discriminação | C81: Unidade | D81: Quantidade | E81: Custo unitário | F81: Subtotal | G81: Total (R$) | H81: R$/Km
A82: Custo de aquisição do veículo | C82: unidade | D82: 1 | E82: =G34 -> 483956 | F82: =D82*E82 -> 483956
A83: Vida útil do veícuo | C83: anos | D83: =C34 -> 10
A84: Depreciação do veículo | C84: % | D84: =Depr.!B12 -> 65.18 | E84: =F82 -> 483956 | F84: =D84*E84/100 -> 315442.52
A85: Depreciação mensal veículos | C85: mês | D85: =D83*12 -> 120 | E85: =F84 -> 315442.52 | F85: =IFERROR(E85/D85,0) -> 2628.6877
A86: Total da frota | C86: unidade | D86: =F34 -> 1 | E86: =F85 -> 2628.6877 | F86: =D86*E86 -> 2628.6877 | G86: =F86 -> 2628.6877 | H86: =G86/G$38 -> 0.96642929
A88: 2.2 Remuneração do Capital
A89: Discriminação | C89: Unidade | D89: Quantidade | E89: Custo unitário | F89: Subtotal | G89: Total (R$) | H89: R$/Km
A90: Custo do veículo | C90: unidade | D90: 1 | E90: =E82 -> 483956 | F90: =D90*E90 -> 483956
A91: Taxa de juros anual nominal | C91: % | D91: 10.5
A92: Valor do veículo proposto (Vo) | C92: R$ | D92: =F90 -> 483956
A93: Valor residual do veículo proposto (Vr) | D93: =F82-F84 -> 168513.48
A94: Investimento médio total do veículo | C94: R$ | D94: =(D92-D93)*((D83+1)/(2*D83))+D93 -> 342006.87
A95: Remuneração mensal de capital do veículo | C95: R$ | E95: =ROUND(D91*D94/12/100,2) -> 2992.56 | F95: =E95 -> 2992.56
A96: Total por veículo | F96: =F95 -> 2992.56
A97: Total da frota | C97: unidade | D97: =D86 -> 1 | E97: =F96 -> 2992.56 | F97: =D97*E97 -> 2992.56 | G97: =F97 -> 2992.56 | H97: =G97/G$38 -> 1.1002059
A99: 2.3. Impostos e Seguros
A100: Discriminação | C100: Unidade | D100: Quantidade | E100: Custo unitário | F100: Subtotal | G100: Total (R$) | H100: R$/Km
A101: IPVA | C101: unidade | D101: =D86 -> 1 | E101: =0.01*($F$82) -> 4839.56 | F101: =D101*E101 -> 4839.56
A102: Licenciamento | C102: unidade | D102: =D86 -> 1 | E102: 160.22 | F102: =D102*E102 -> 160.22
A103: Seguro contra terceiros | C103: unidade | D103: =D86 -> 1 | E103: 1310.25 | F103: =D103*E103 -> 1310.25
A104: Seguro contra acidentes (pacientes) | C104: unidade | D104: 1 | E104: 1171.9 | F104: =D104*E104 -> 1171.9
A105: Aferição do tacógrafo | C105: unidade | D105: 1 | E105: 540.09 | F105: =D105*E105 -> 540.09
A106: RECEFITUR DAER | C106: unidade | D106: 1 | E106: 400 | F106: =D106*E106 -> 400
A107: Vistorias Técnicas | C107: unidade | D107: 1 | E107: 45 | F107: =D107*E107 -> 45
A108: Impostos e seguros mensais | C108: mês | D108: 12 | E108: =SUM(F101:F107) -> 8467.02 | F108: =ROUND(E108/D108,2) -> 705.59 | G108: =F108 -> 705.59 | H108: =G108/G$38 -> 0.25940809
A110: 2.4. Consumos
A111: Quilometragem mensal | C111: =G38 -> 2720
A112: Discriminação | C112: Unidade | D112: Consumo | E112: Custo unitário | F112: Subtotal | G112: Total (R$) | H112: R$/Km
A113: Custo de óleo diesel / km rodado | C113: km/l | D113: =F35 -> 7.5 | E113: =G35 -> 5.54
A114: Custo mensal com óleo diesel S-10 | C114: km | D114: =C111 -> 2720 | E114: =IFERROR(+E113/D113,"-") -> 0.73866667 | F114: =IFERROR(D114*E114,"-") -> 2009.1733
...

Sheet SANTA CRUZ 28 LUGARES
A1: PLANILHA DE COMPOSIÇÃO DE CUSTOS E FORMAÇÃO DE PREÇO
A2: GRUPO A - Identificação
A3: Nº do processo: | B3: 7032-2024 | C3: Nº Licitação: | F3: Data:
A4: Veículo: | B4: Microônibus com 28 lugares | D4: Serviço: | E4: Transporte de Pacientes SANTA CRUZ DO SUL
A6: GRUPO B - Orçamento Sintético
A7: Formas de Tributação | C7: LUCRO REAL | E7: LUCRO PRESUMIDO | G7: SIMPLES NAC.
A8: Descrição do Item | C8: Custo (R$/mês) | D8: AV % | E8: Custo (R$/mês) | F8: AV % | G8: Custo (R$/mês) | H8: AV %
A9: =A45 -> 1. Mão-de-obra | C9: =+G76 -> 1662.647 | D9: =SUM(D10:D12) -> 0.1699 | E9: =G76 -> 1662.647 | F9: =SUM(F10:F12) -> 0.18059797 | G9: =G77 -> 1363.0435 | H9: =SUM(H10:H12) -> 0.1544
A10: 1.1. Motorista | C10: =G55 -> 1352.512 | D10: =ROUND(IFERROR(C10/$C$25,0),4) -> 0.1382 | E10: =C10 -> 1352.512 | F10: =(IFERROR(E10/$E$25,0)) -> 0.14691087 | G10: =G61 -> 1052.9085 | H10: =ROUND(IFERROR(G10/$G$25,0),4) -> 0.1193
A11: =A63 -> 1.2. Vale Transporte | C11: =G68 -> 37.135 | D11: =ROUND(IFERROR(C11/$C$25,0),4) -> 0.0038 | E11: =C11 -> 37.135 | F11: =(IFERROR(E11/$E$25,0)) -> 0.0040336317 | G11: =E11 -> 37.135 | H11: =ROUND(IFERROR(G11/$G$25,0),4) -> 0.0042
A12: =A70 -> 1.3. Vale-refeição (diário) | C12: =G73 -> 273 | D12: =ROUND(IFERROR(C12/$C$25,0),4) -> 0.0279 | E12: =C12 -> 273 | F12: =(IFERROR(E12/$E$25,0)) -> 0.029653466 | G12: =E12 -> 273 | H12: =ROUND(IFERROR(G12/$G$25,0),4) -> 0.0309
A13: =A79 -> 2. Veículos | C13: =+G149 -> 5633.8867 | D13: =SUM(D14:D20) -> 0.5754 | E13: =C13 -> 5633.8867 | F13: =SUM(F14:F20) -> 0.59977629 | G13: =E13 -> 5633.8867 | H13: =SUM(H14:H20) -> 0.6255
A14: =A80 -> 2.1 Depreciação | C14: =G86 -> 0 | D14: =ROUND(IFERROR(C14/$C$25,0),4) -> 0 | E14: =C14 -> 0 | F14: =(IFERROR(E14/$E$25,0)) -> 0 | G14: =E14 -> 0 | H14: =ROUND(IFERROR(G14/$G$25,0),4) -> 0
A15: =A88 -> 2.2 Remuneração do Capital | C15: =G97 -> 0 | D15: =ROUND(IFERROR(C15/$C$25,0),4) -> 0 | E15: =C15 -> 0 | F15: =(IFERROR(E15/$E$25,0)) -> 0 | G15: =E15 -> 0 | H15: =ROUND(IFERROR(G15/$G$25,0),4) -> 0
A16: =A99 -> 2.3. Impostos e Seguros | C16: =G109 -> 3283.05 | D16: =ROUND(IFERROR(C16/$C$25,0),4) -> 0.3353 | E16: =C16 -> 3283.05 | F16: =(IFERROR(E16/$E$25,0)) -> 0.35660737 | G16: =E16 -> 3283.05 | H16: =ROUND(IFERROR(G16/$G$25,0),4) -> 0.3719
A17: =A111 -> 2.4. Consumos | C17: =G126 -> 930.35 | D17: =ROUND(IFERROR(C17/$C$25,0),4) -> 0.095 | E17: =C17 -> 930.35 | F17: =(IFERROR(E17/$E$25,0)) -> 0.10105532 | G17: =E17 -> 930.35 | H17: =ROUND(IFERROR(G17/$G$25,0),4) -> 0.1054
A18: =A128 -> 2.5. Manutenção | C18: =G133 -> 1235.94 | D18: =ROUND(IFERROR(C18/$C$25,0),4) -> 0.1262 | E18: =C18 -> 1235.94 | F18: =(IFERROR(E18/$E$25,0)) -> 0.13424874 | G18: =E18 -> 1235.94 | H18: =ROUND(IFERROR(G18/$G$25,0),4) -> 0.14
A19: =A135 -> 2.6. Pneus | C19: =G141 -> 112.14 | D19: =ROUND(IFERROR(C19/$C$25,0),4) -> 0.0115 | E19: 273/1128,96 | F19: =(IFERROR(E19/$E$25,0)) -> 0 | G19: =E19 -> 273/1128,96 | H19: =ROUND(IFERROR(G19/$G$25,0),4) -> 0
A20: =A143 -> 2.7. Rastreador GPS | C20: =G147 -> 72.406667 | D20: =ROUND(IFERROR(C20/$C$25,0),4) -> 0.0074 | E20: =C20 -> 72.406667 | F20: =(IFERROR(E20/$E$25,0)) -> 0.0078648668 | G20: =E20 -> 72.406667 | H20: =ROUND(IFERROR(G20/$G$25,0),4) -> 0.0082
A21: =A151 -> 3. Ferramentas e Materiais de Consumo | C21: =+G159 -> 100.5 | D21: =ROUND(IFERROR(C21/$C$25,0),4) -> 0.0103 | E21: =C21 -> 100.5 | F21: =(IFERROR(E21/$E$25,0)) -> 0.010916386 | G21: =E21 -> 100.5 | H21: =ROUND(IFERROR(G21/$G$25,0),4) -> 0.0114
A22: =A164 -> 4. Benefícios e Desp. Ind. - BDI - LUCRO REAL | C22: =+G169 -> 2392.94 | D22: =ROUND(IFERROR(C22/$C$25,0),4) -> 0.2444
A23: =A177 -> 5. Benefícios e Desp. Ind. - BDI - LUCRO PRESUMIDO | E23: =G183 -> 1809.31 | F23: =(IFERROR(E23/$E$25,0)) -> 0.19652862
A24: =A191 -> 6. Benef. Desp. Ind. + Impostos - SIMPLES NACIONAL | G24: =G194+G207 -> 1731.31 | H24: =ROUND(IFERROR(G24/$G$25,0),4) -> 0.1961
A25: PREÇO TOTAL MÊS (R$/Mês) | C25: =C9+C13+C21+C22 -> 9789.9737 | D25: =D9+D13+D21+D22 -> 1 | E25: =E9+E13+E21+E23 -> 9206.3437 | F25: =F9+F13+F21+F23 -> 0.98781927 | G25: =G9+G13+G21+G24 -> 8828.7402 | H25: =H9+H13+H21+H24 -> 0.9874
A26: PREÇO POR QUILOMETRO (R$/Km) | C26: =G175 -> 8.6716745 | E26: =G189 -> 8.154712 | G26: =G214 -> 7.8202459
A28: GRUPO C - Informações sobre
A29: C1- Mão-de-obra | F29: Quantidade | G29: R$ / mês
A30: Motorista | F30: 1 | G30: 2265
A31: Total de mão-de-obra (postos de trabalho) | F31: =SUM(F30:F30) -> 1 | G31: =SUM(G30:G30) -> 2265
A33: C2- Veículos | C33: Vida útil do Veículo | D33: Taxa depre- ciação Anual | E33: Capacidade (Lugares) | F33: Quantidade | G33: Valor (R$)
A34: Veículo mod. Volare Attack 8 23/24-Diesel- veículo locado | C34: 10 | D34: =1/C34 -> 0.1 | E34: 28 | F34: 1 | G34: 468912
A35: Consumo médio (Km / litro) e Valor do litro (R$) | E35: diesel BS10 | F35: 7.5 | G35: 5.54
A37: C3- Distâncias | C37: Unidade | F37: Km por dia | G37: Km por mês
A38: Distância percorrida | C38: Km | F38: 80.64 | G38: =F38*F39 -> 1128.96 | I38: =G38*12 -> 13547.52
A39: Dias rodados por mês ( 7 dias x 2 viagens ao dia) | C39: Dias | F39: 14 | I39: catorze viagens
I40: sete dias de manhã e a tarde
A41: C4- Fatores | C41: % | D41: Aplicação
A42: Fator de utilização (FU) | C42: =100%/20*F39/2 -> 0.35 | D42: Equipe, Vale transporte e vale alimentação
A44: CÁLCULOS (itenização numérica)
A45: 1. Mão-de-obra
A46: 1.1. Motorista - EMPRESA LUCRO REAL E PRESUMIDO
A47: Discriminação | C47: Unidade | D47: Quantidade | E47: Custo unitário | F47: Subtotal | G47: Total (R$) | H47: R$/Km
A48: Piso da categoria | C48: mês | D48: 1 | E48: =G30 -> 2265 | F48: =D48*E48 -> 2265
A49: Adicional noturno | C49: Nº hs/ mês | E49: =(E48/220)*0.2 -> 2.0590909 | F49: =D49*E49 -> 0
A50: Descanso Semanal Remunerado (DSR) - Ad.Not. | C50: R$ | E50: =((D49/F39)*5)*(SUM(E49)) -> 0 | F50: =E50 -> 0
A51: Soma | F51: =SUM(F48:F50) -> 2265
A52: Encargos Sociais | C52: % | D52: ='Enc. Soc. - LR-LP e SN'!C$28*100 -> 70.61 | E52: =F51 -> 2265 | F52: =ROUND(E52*D52/100,2) -> 1599.32
A53: Total por Motorista | F53: =F51+F52 -> 3864.32
A54: Total do Efetivo | C54: homem | D54: =F30 -> 1 | E54: =F53 -> 3864.32 | F54: =D54*E54 -> 3864.32 | G54: =F54 -> 3864.32 | H54: =G54/G$38 -> 3.4229025
E55: Fator de utilização | F55: =C42 -> 0.35 | G55: =F54*F55 -> 1352.512 | H55: =G55/G$38 -> 1.1980159
A57: 1.1.1- Motorista - EMPRESA SIMPLES NACIONAL
A58: Encargos Sociais | C58: % | D58: ='Enc. Soc. - LR-LP e SN'!C$38*100 -> 32.81728 | E58: =F51 -> 2265 | F58: =ROUND(E58*D58/100,2) -> 743.31
A59: Total por Motorista | F59: =E58+F58 -> 3008.31
A60: Total do Efetivo | C60: homem | D60: =D54 -> 1 | E60: =F59 -> 3008.31 | F60: =D60*E60 -> 3008.31 | G60: =F60 -> 3008.31 | H60: =G60/G$38 -> 2.6646737
E61: Fator de utilização | F61: =F55 -> 0.35 | G61: =F60*F61 -> 1052.9085 | H61: =G61/G$38 -> 0.93263579
A63: 1.2. Vale Transporte
A64: Discriminação | C64: Unidade | D64: Quantidade | E64: Custo unitário | F64: Subtotal | G64: Total (R$) | H64: R$/Km
A65: Vale Transporte | C65: R$ | D65: 1 | E65: 6.05
A66: Dias Trabalhados por mês | C66: dia | D66: 20
A67: Motorista (Vlr líq. desc. 6,% s/piso sal.) | C67: vale | D67: =$D$66*2*(F30) -> 40 | E67: =IF(E65=0,"",IFERROR((($D$66*2*$E$65)-(F48*0.06*D66/D66))/($D$66*2),"-")) -> 2.6525 | F67: =IFERROR(D67*E67,"-") -> 106.1 | G67: =F67 -> 106.1 | H67: =G67/G$38 -> 0.0939803
E68: Fator de utilização | F68: =F61 -> 0.35 | G68: =F67*F68 -> 37.135 | H68: =G68/G$38 -> 0.032893105
A70: 1.3. Vale-refeição (diário)
A71: Discriminação | C71: Unidade | D71: Quantidade | E71: Custo unitário | F71: Subtotal | G71: Total (R$) | H71: R$/Km
A72: Motorista (Café e Almoço) | C72: unidade | D72: =D66*(F30) -> 20 | E72: =13+26 -> 39 | F72: =D72*E72 -> 780 | G72: =F72 -> 780 | H72: =G72/G$38 -> 0.69090136
E73: Fator de utilização | F73: =F68 -> 0.35 | G73: =F72*F73 -> 273 | H73: =G73/G$38 -> 0.24181548
A76: Custo Mensal com Mão-de-obra (R$/mês) - LUCRO REAL E PRESUMIDO | G76: =G55+G68+G73 -> 1662.647 | H76: =G76/G$38 -> 1.4727245
A77: Custo Mensal com Mão-de-obra (R$/mês) - SIMPLES NACIONAL | G77: =G61+G68+G73 -> 1363.0435 | H77: =G77/G$38 -> 1.2073444
A79: 2. Veículos
A80: 2.1 Depreciação
A81: Discriminação | C81: Unidade | D81: Quantidade | E81: Custo unitário | F81: Subtotal | G81: Total (R$) | H81: R$/Km
A82: Custo de aquisição do veículo | C82: unidade | D82: 1 | E82: =G34 -> 468912 | F82: =D82*E82 -> 468912
A83: Vida útil do veícuo | C83: anos | D83: =C34 -> 10
A84: Depreciação do veículo | C84: % | E84: =F82 -> 468912 | F84: =D84*E84/100 -> 0
A85: Depreciação mensal veículos | C85: mês | D85: =D83*12 -> 120 | E85: =F84 -> 0 | F85: =IFERROR(E85/D85,0) -> 0
A86: Total da frota | C86: unidade | D86: =F34 -> 1 | E86: =F85 -> 0 | F86: =D86*E86 -> 0 | G86: =F86 -> 0 | H86: =G86/G$38 -> 0
A88: 2.2 Remuneração do Capital
A89: Discriminação | C89: Unidade | D89: Quantidade | E89: Custo unitário | F89: Subtotal | G89: Total (R$) | H89: R$/Km
A90: Custo do veículo | C90: unidade | D90: 1 | E90: =E82 -> 468912 | F90: =D90*E90 -> 468912
A91: Taxa de juros anual nominal | C91: %
A92: Valor do veículo proposto (Vo) | C92: R$ | D92: =F90 -> 468912
A93: Valor residual do veículo proposto (Vr) | D93: =F82-F84 -> 468912
A94: Investimento médio total do veículo | C94: R$ | D94: =(D92-D93)*((D83+1)/(2*D83))+D93 -> 468912
A95: Remuneração mensal de capital do veículo | C95: R$ | E95: =ROUND(D91*D94/12/100,2) -> 0 | F95: =E95 -> 0
A96: Total por veículo | F96: =F95 -> 0
A97: Total da frota | C97: unidade | D97: =D86 -> 1 | E97: =F96 -> 0 | F97: =D97*E97 -> 0 | G97: =F97 -> 0 | H97: =G97/G$38 -> 0
A99: 2.3. Impostos e Seguros
A100: Discriminação | C100: Unidade | D100: Quantidade | E100: Custo unitário | F100: Subtotal | G100: Total (R$) | H100: R$/Km
A101: IPVA | C101: unidade | D101: =D86 -> 1 | E101: =0.01*($F$82) -> 4689.12 | F101: =D101*E101 -> 4689.12
A102: Licenciamento | C102: unidade | D102: =D86 -> 1 | E102: 160.22 | F102: =D102*E102 -> 160.22
A103: Seguro contra terceiros | C103: unidade | D103: =D86 -> 1 | E103: 1310.25 | F103: =D103*E103 -> 1310.25
A104: Seguro contra acidentes (pacientes) | C104: unidade | D104: 1 | E104: 1171.9 | F104: =D104*E104 -> 1171.9
A105: Aferição do tacógrafo | C105: unidade | D105: 1 | E105: 540.09 | F105: =D105*E105 -> 540.09
A106: RECEFITUR DAER | C106: unidade | D106: 1 | E106: 400 | F106: =D106*E106 -> 400
A107: LOCAÇÃO - veículo para 7 dias | C107: unidade | D107: 1 | E107: =370*7 -> 2590 | F107: =E107*12 -> 31080
A108: Vistorias Técnicas | C108: unidade | D108: 1 | E108: 45 | F108: =D108*E108 -> 45
A109: Impostos e seguros mensais | C109: mês | D109: 12 | E109: =SUM(F101:F108) -> 39396.58 | F109: =ROUND(E109/D109,2) -> 3283.05 | G109: =F109 -> 3283.05 | H109: =G109/G$38 -> 2.9080304
A111: 2.4. Consumos
A112: Quilometragem mensal | C112: =G38 -> 1128.96
A113: Discriminação | C113: Unidade | D113: Consumo | E113: Custo unitário | F113: Subtotal | G113: Total (R$) | H113: R$/Km
A114: Custo de óleo diesel / km rodado | C114: km/l | D114: =F35 -> 7.5 | E114: =G35 -> 5.54
...

Sheet SANTA CRUZ DO SUL 21 LUG
A1: PLANILHA DE COMPOSIÇÃO DE CUSTOS E FORMAÇÃO DE PREÇO
A2: GRUPO A - Identificação
A3: Nº do processo: | B3: 7032-2024 | C3: Nº Licitação: | F3: Data:
A4: Veículo: | B4: Van com 21 lugares | D4: Serviço: | E4: Transporte de Pacientes Santa Cruz
A6: GRUPO B - Orçamento Sintético
A7: Formas de Tributação | C7: LUCRO REAL | E7: LUCRO PRESUMIDO | G7: SIMPLES NAC.
A8: Descrição do Item | C8: Custo (R$/mês) | D8: AV % | E8: Custo (R$/mês) | F8: AV % | G8: Custo (R$/mês) | H8: AV %
A9: =A45 -> 1. Mão-de-obra | C9: =+G76 -> 1662.647 | D9: =SUM(D10:D12) -> 0.1844 | E9: =G76 -> 1662.647 | F9: =SUM(F10:F12) -> 0.19606881 | G9: =G77 -> 1363.0435 | H9: =SUM(H10:H12) -> 0.1682
A10: 1.1. Motorista | C10: =G55 -> 1352.512 | D10: =ROUND(IFERROR(C10/$C$25,0),4) -> 0.15 | E10: =C10 -> 1352.512 | F10: =(IFERROR(E10/$E$25,0)) -> 0.15949592 | G10: =G61 -> 1052.9085 | H10: =ROUND(IFERROR(G10/$G$25,0),4) -> 0.1299
A11: =A63 -> 1.2. Vale Transporte | C11: =G68 -> 37.135 | D11: =ROUND(IFERROR(C11/$C$25,0),4) -> 0.0041 | E11: =C11 -> 37.135 | F11: =(IFERROR(E11/$E$25,0)) -> 0.0043791707 | G11: =E11 -> 37.135 | H11: =ROUND(IFERROR(G11/$G$25,0),4) -> 0.0046
A12: =A70 -> 1.3. Vale-refeição (diário) | C12: =G73 -> 273 | D12: =ROUND(IFERROR(C12/$C$25,0),4) -> 0.0303 | E12: =C12 -> 273 | F12: =(IFERROR(E12/$E$25,0)) -> 0.032193715 | G12: =E12 -> 273 | H12: =ROUND(IFERROR(G12/$G$25,0),4) -> 0.0337
A13: =A79 -> 2. Veículos | C13: =+G148 -> 5050.219 | D13: =SUM(D14:D20) -> 0.5601 | E13: =C13 -> 5050.219 | F13: =SUM(F14:F20) -> 0.59555059 | G13: =E13 -> 5050.219 | H13: =SUM(H14:H20) -> 0.6233
A14: =A80 -> 2.1 Depreciação | C14: =G86 -> 1133.1923 | D14: =ROUND(IFERROR(C14/$C$25,0),4) -> 0.1257 | E14: =C14 -> 1133.1923 | F14: =(IFERROR(E14/$E$25,0)) -> 0.13363249 | G14: =E14 -> 1133.1923 | H14: =ROUND(IFERROR(G14/$G$25,0),4) -> 0.1399
A15: =A88 -> 2.2 Remuneração do Capital | C15: =G97 -> 1290.05 | D15: =ROUND(IFERROR(C15/$C$25,0),4) -> 0.1431 | E15: =C15 -> 1290.05 | F15: =(IFERROR(E15/$E$25,0)) -> 0.15213004 | G15: =E15 -> 1290.05 | H15: =ROUND(IFERROR(G15/$G$25,0),4) -> 0.1592
A16: =A99 -> 2.3. Impostos e Seguros | C16: =G108 -> 476.14 | D16: =ROUND(IFERROR(C16/$C$25,0),4) -> 0.0528 | E16: =C16 -> 476.14 | F16: =(IFERROR(E16/$E$25,0)) -> 0.056149141 | G16: =E16 -> 476.14 | H16: =ROUND(IFERROR(G16/$G$25,0),4) -> 0.0588
A17: =A110 -> 2.4. Consumos | C17: =G125 -> 930.35 | D17: =ROUND(IFERROR(C17/$C$25,0),4) -> 0.1032 | E17: =C17 -> 930.35 | F17: =(IFERROR(E17/$E$25,0)) -> 0.10971217 | G17: =E17 -> 930.35 | H17: =ROUND(IFERROR(G17/$G$25,0),4) -> 0.1148
A18: =A127 -> 2.5. Manutenção | C18: =G132 -> 1035.94 | D18: =ROUND(IFERROR(C18/$C$25,0),4) -> 0.1149 | E18: =C18 -> 1035.94 | F18: =(IFERROR(E18/$E$25,0)) -> 0.12216395 | G18: =E18 -> 1035.94 | H18: =ROUND(IFERROR(G18/$G$25,0),4) -> 0.1279
A19: =A134 -> 2.6. Pneus | C19: =G140 -> 112.14 | D19: =ROUND(IFERROR(C19/$C$25,0),4) -> 0.0124 | E19: =C19 -> 112.14 | F19: =(IFERROR(E19/$E$25,0)) -> 0.013224188 | G19: =E19 -> 112.14 | H19: =ROUND(IFERROR(G19/$G$25,0),4) -> 0.0138
A20: =A142 -> 2.7. Rastreador GPS | C20: =G146 -> 72.406667 | D20: =ROUND(IFERROR(C20/$C$25,0),4) -> 0.008 | E20: =C20 -> 72.406667 | F20: =(IFERROR(E20/$E$25,0)) -> 0.0085386066 | G20: =E20 -> 72.406667 | H20: =ROUND(IFERROR(G20/$G$25,0),4) -> 0.0089
A21: =A150 -> 3. Ferramentas e Materiais de Consumo | C21: =+G158 -> 100.5 | D21: =ROUND(IFERROR(C21/$C$25,0),4) -> 0.0111 | E21: =C21 -> 100.5 | F21: =(IFERROR(E21/$E$25,0)) -> 0.011851533 | G21: =E21 -> 100.5 | H21: =ROUND(IFERROR(G21/$G$25,0),4) -> 0.0124
A22: =A163 -> 4. Benefícios e Desp. Ind. - BDI - LUCRO REAL | C22: =+G168 -> 2204.12 | D22: =ROUND(IFERROR(C22/$C$25,0),4) -> 0.2444
A23: =A176 -> 5. Benefícios e Desp. Ind. - BDI - LUCRO PRESUMIDO | E23: =G182 -> 1666.55 | F23: =(IFERROR(E23/$E$25,0)) -> 0.19652907
A24: =A190 -> 6. Benef. Desp. Ind. + Impostos - SIMPLES NACIONAL | G24: =G193+G206 -> 1588.94 | H24: =ROUND(IFERROR(G24/$G$25,0),4) -> 0.1961
A25: PREÇO TOTAL MÊS (R$/Mês) | C25: =C9+C13+C21+C22 -> 9017.486 | D25: =D9+D13+D21+D22 -> 1 | E25: =E9+E13+E21+E23 -> 8479.916 | F25: =F9+F13+F21+F23 -> 1 | G25: =G9+G13+G21+G24 -> 8102.7025 | H25: =H9+H13+H21+H24 -> 1
A26: PREÇO POR QUILOMETRO (R$/Km) | C26: =G174 -> 7.99 | E26: =G188 -> 7.51 | G26: =G213 -> 7.18
A28: GRUPO C - Informações sobre
A29: C1- Mão-de-obra | F29: Quantidade | G29: R$ / mês
A30: Motoristas | F30: 1 | G30: 2265
A31: Total de mão-de-obra (postos de trabalho) | F31: =SUM(F30:F30) -> 1 | G31: =SUM(G30:G30) -> 2265
A33: C2- Veículos | C33: Vida útil do Veículo | D33: Taxa depre- ciação Anual | E33: Capacidade (Lugares) | F33: Quantidade | G33: Valor (R$)
A34: Veículo mod. Sprinter 517 chassi longo ano 2024-Diesel | C34: 10 | D34: =1/C34 -> 0.1 | E34: 21 | F34: 1 | G34: 208627
A35: Consumo médio (Km / litro) e Valor do litro (R$) | E35: diesel BS10 | F35: 7.5 | G35: 5.54
A37: C3- Distâncias | C37: Unidade | F37: Km por dia | G37: Km por mês
A38: Distância percorrida | C38: Km | F38: 80.64 | G38: =F38*F39 -> 1128.96 | I38: =G38*12 -> 13547.52
A39: Dias rodados por mês ( 7 dias x 2 viagens ao dia) | C39: Dias | F39: 14 | I39: catorze viagens
I40: sete dias
A41: C4- Fatores | C41: % | D41: Aplicação
A42: Fator de utilização (FU) | C42: =100/20*F39/2/100 -> 0.35 | D42: Equipe, Vale transporte e vale alimentação
A44: CÁLCULOS (itenização numérica)
A45: 1. Mão-de-obra
A46: 1.1. Motorista - EMPRESA LUCRO REAL E PRESUMIDO
A47: Discriminação | C47: Unidade | D47: Quantidade | E47: Custo unitário | F47: Subtotal | G47: Total (R$) | H47: R$/Km
A48: Piso da categoria | C48: mês | D48: 1 | E48: =G30 -> 2265 | F48: =D48*E48 -> 2265
A49: Adicional noturno | C49: Nº hs/ mês | E49: =(E48/220)*0.2 -> 2.0590909 | F49: =D49*E49 -> 0
A50: Descanso Semanal Remunerado (DSR) - Ad.Not. | C50: R$ | E50: =((D49/F39)*5)*(SUM(E49)) -> 0 | F50: =E50 -> 0
A51: Soma | F51: =SUM(F48:F50) -> 2265
A52: Encargos Sociais | C52: % | D52: ='Enc. Soc. - LR-LP e SN'!C$28*100 -> 70.61 | E52: =F51 -> 2265 | F52: =ROUND(E52*D52/100,2) -> 1599.32
A53: Total por Motorista | F53: =F51+F52 -> 3864.32
A54: Total do Efetivo | C54: homem | D54: =F30 -> 1 | E54: =F53 -> 3864.32 | F54: =D54*E54 -> 3864.32 | G54: =F54 -> 3864.32 | H54: =G54/G$38 -> 3.4229025
E55: Fator de utilização | F55: =$C$42 -> 0.35 | G55: =F54*F55 -> 1352.512 | H55: =G55/G$38 -> 1.1980159
A57: 1.1.1- Motorista - EMPRESA SIMPLES NACIONAL
A58: Encargos Sociais | C58: % | D58: ='Enc. Soc. - LR-LP e SN'!C$38*100 -> 32.81728 | E58: =F51 -> 2265 | F58: =ROUND(E58*D58/100,2) -> 743.31
A59: Total por Motorista | F59: =E58+F58 -> 3008.31
A60: Total do Efetivo | C60: homem | D60: =D54 -> 1 | E60: =F59 -> 3008.31 | F60: =D60*E60 -> 3008.31 | G60: =F60 -> 3008.31 | H60: =G60/G$38 -> 2.6646737
E61: Fator de utilização | F61: =$C$42 -> 0.35 | G61: =F60*F61 -> 1052.9085 | H61: =G61/G$38 -> 0.93263579
A63: 1.2. Vale Transporte
A64: Discriminação | C64: Unidade | D64: Quantidade | E64: Custo unitário | F64: Subtotal | G64: Total (R$) | H64: R$/Km
A65: Vale Transporte | C65: R$ | D65: 1 | E65: 6.05
A66: Dias Trabalhados por mês | C66: dia | D66: 20
A67: Motorista (Vlr líq. desc. 6,% s/piso sal.) | C67: vale | D67: =$D$66*2*(F30) -> 40 | E67: =IF(E65=0,"",IFERROR((($D$66*2*$E$65)-(F48*0.06*D66/D66))/($D$66*2),"-")) -> 2.6525 | F67: =IFERROR(D67*E67,"-") -> 106.1 | G67: =F67 -> 106.1 | H67: =G67/G$38 -> 0.0939803
E68: Fator de utilização | F68: =$C$42 -> 0.35 | G68: =F67*F68 -> 37.135 | H68: =G68/G$38 -> 0.032893105
A70: 1.3. Vale-refeição (diário)
A71: Discriminação | C71: Unidade | D71: Quantidade | E71: Custo unitário | F71: Subtotal | G71: Total (R$) | H71: R$/Km
A72: Motorista (Café e Almoço) | C72: unidade | D72: =D66*(F30) -> 20 | E72: =13+26 -> 39 | F72: =D72*E72 -> 780 | G72: =F72 -> 780 | H72: =G72/G$38 -> 0.69090136
E73: Fator de utilização | F73: =$C$42 -> 0.35 | G73: =F72*F73 -> 273 | H73: =G73/G$38 -> 0.24181548
A76: Custo Mensal com Mão-de-obra (R$/mês) - LUCRO REAL E PRESUMIDO | G76: =G55+G68+G73 -> 1662.647 | H76: =G76/G$38 -> 1.4727245
A77: Custo Mensal com Mão-de-obra (R$/mês) - SIMPLES NACIONAL | G77: =G61+G68+G73 -> 1363.0435 | H77: =G77/G$38 -> 1.2073444
A79: 2. Veículos
A80: 2.1 Depreciação
A81: Discriminação | C81: Unidade | D81: Quantidade | E81: Custo unitário | F81: Subtotal | G81: Total (R$) | H81: R$/Km
A82: Custo de aquisição do veículo | C82: unidade | D82: 1 | E82: =G34 -> 208627 | F82: =D82*E82 -> 208627
A83: Vida útil do veícuo | C83: anos | D83: =C34 -> 10
A84: Depreciação do veículo | C84: % | D84: =Depr.!B12 -> 65.18 | E84: =F82 -> 208627 | F84: =D84*E84/100 -> 135983.08
A85: Depreciação mensal veículos | C85: mês | D85: =D83*12 -> 120 | E85: =F84 -> 135983.08 | F85: =IFERROR(E85/D85,0) -> 1133.1923
A86: Total da frota | C86: unidade | D86: =F34 -> 1 | E86: =F85 -> 1133.1923 | F86: =D86*E86 -> 1133.1923 | G86: =F86 -> 1133.1923 | H86: =G86/G$38 -> 1.0037489
A88: 2.2 Remuneração do Capital
A89: Discriminação | C89: Unidade | D89: Quantidade | E89: Custo unitário | F89: Subtotal | G89: Total (R$) | H89: R$/Km
A90: Custo do veículo | C90: unidade | D90: 1 | E90: =E82 -> 208627 | F90: =D90*E90 -> 208627
A91: Taxa de juros anual nominal | C91: % | D91: 10.5
A92: Valor do veículo proposto (Vo) | C92: R$ | D92: =F90 -> 208627
A93: Valor residual do veículo proposto (Vr) | D93: =F82-F84 -> 72643.921
A94: Investimento médio total do veículo | C94: R$ | D94: =(D92-D93)*((D83+1)/(2*D83))+D93 -> 147434.61
A95: Remuneração mensal de capital do veículo | C95: R$ | E95: =ROUND(D91*D94/12/100,2) -> 1290.05 | F95: =E95 -> 1290.05
A96: Total por veículo | F96: =F95 -> 1290.05
A97: Total da frota | C97: unidade | D97: =D86 -> 1 | E97: =F96 -> 1290.05 | F97: =D97*E97 -> 1290.05 | G97: =F97 -> 1290.05 | H97: =G97/G$38 -> 1.1426888
A99: 2.3. Impostos e Seguros
A100: Discriminação | C100: Unidade | D100: Quantidade | E100: Custo unitário | F100: Subtotal | G100: Total (R$) | H100: R$/Km
A101: IPVA | C101: unidade | D101: =D86 -> 1 | E101: =0.01*($F$82) -> 2086.27 | F101: =D101*E101 -> 2086.27
A102: Licenciamento | C102: unidade | D102: =D86 -> 1 | E102: 160.22 | F102: =D102*E102 -> 160.22
A103: Seguro contra terceiros | C103: unidade | D103: =D86 -> 1 | E103: 1310.25 | F103: =D103*E103 -> 1310.25
A104: Seguro contra acidentes (pacientes) | C104: unidade | D104: 1 | E104: 1171.9 | F104: =D104*E104 -> 1171.9
A105: Aferição do tacógrafo | C105: unidade | D105: 1 | E105: 540.09 | F105: =D105*E105 -> 540.09
A106: RECEFITUR DAER | C106: unidade | D106: 1 | E106: 400 | F106: =D106*E106 -> 400
A107: Vistorias Técnicas | C107: unidade | D107: 1 | E107: 45 | F107: =D107*E107 -> 45
A108: Impostos e seguros mensais | C108: mês | D108: 12 | E108: =SUM(F101:F107) -> 5713.73 | F108: =ROUND(E108/D108,2) -> 476.14 | G108: =F108 -> 476.14 | H108: =G108/G$38 -> 0.42175099
A110: 2.4. Consumos
A111: Quilometragem mensal | C111: =G38 -> 1128.96
A112: Discriminação | C112: Unidade | D112: Consumo | E112: Custo unitário | F112: Subtotal | G112: Total (R$) | H112: R$/Km
A113: Custo de óleo diesel / km rodado | C113: km/l | D113: =F35 -> 7.5 | E113: =G35 -> 5.54
A114: Custo mensal com óleo diesel S-10 | C114: km | D114: =C111 -> 1128.96 | E114: =IFERROR(+E113/D113,"-") -> 0.73866667 | F114: =IFERROR(D114*E114,"-") -> 833.92512
...

Sheet CACHOEIRA 28 LUGARES
A1: PLANILHA DE COMPOSIÇÃO DE CUSTOS E FORMAÇÃO DE PREÇO
A2: GRUPO A - Identificação
A3: Nº do processo: | B3: 7032-2024 | C3: Nº Licitação: | F3: Data:
A4: Veículo: | B4: Microônibus com 28 lugares | D4: Serviço: | E4: Transporte de Pacientes CACHOEIRA DO SUL
A6: GRUPO B - Orçamento Sintético
A7: Formas de Tributação | C7: LUCRO REAL | E7: LUCRO PRESUMIDO | G7: SIMPLES NAC.
A8: Descrição do Item | C8: Custo (R$/mês) | D8: AV % | E8: Custo (R$/mês) | F8: AV % | G8: Custo (R$/mês) | H8: AV %
A9: =A45 -> 1. Mão-de-obra | C9: =+G76 -> 237.521 | D9: =SUM(D10:D12) -> 0.09 | E9: =G76 -> 237.521 | F9: =SUM(F10:F12) -> 0.095735312 | G9: =G77 -> 194.7205 | H9: =SUM(H10:H12) -> 0.0803
A10: 1.1. Motorista | C10: =G55 -> 193.216 | D10: =ROUND(IFERROR(C10/$C$25,0),4) -> 0.0732 | E10: =C10 -> 193.216 | F10: =(IFERROR(E10/$E$25,0)) -> 0.07787772 | G10: =G61 -> 150.4155 | H10: =ROUND(IFERROR(G10/$G$25,0),4) -> 0.062
A11: =A63 -> 1.2. Vale Transporte | C11: =G68 -> 5.305 | D11: =ROUND(IFERROR(C11/$C$25,0),4) -> 0.002 | E11: =C11 -> 5.305 | F11: =(IFERROR(E11/$E$25,0)) -> 0.0021382355 | G11: =E11 -> 5.305 | H11: =ROUND(IFERROR(G11/$G$25,0),4) -> 0.0022
A12: =A70 -> 1.3. Vale-refeição (diário) | C12: =G73 -> 39 | D12: =ROUND(IFERROR(C12/$C$25,0),4) -> 0.0148 | E12: =C12 -> 39 | F12: =(IFERROR(E12/$E$25,0)) -> 0.015719356 | G12: =E12 -> 39 | H12: =ROUND(IFERROR(G12/$G$25,0),4) -> 0.0161
A13: =A79 -> 2. Veículos | C13: =+G149 -> 1655.4067 | D13: =SUM(D14:D20) -> 0.6274 | E13: =C13 -> 1655.4067 | F13: =SUM(F14:F20) -> 0.66722889 | G13: =E13 -> 1655.4067 | H13: =SUM(H14:H20) -> 0.6821
A14: =A80 -> 2.1 Depreciação | C14: =G86 -> 0 | D14: =ROUND(IFERROR(C14/$C$25,0),4) -> 0 | E14: =C14 -> 0 | F14: =(IFERROR(E14/$E$25,0)) -> 0 | G14: =E14 -> 0 | H14: =ROUND(IFERROR(G14/$G$25,0),4) -> 0
A15: =A88 -> 2.2 Remuneração do Capital | C15: =G97 -> 0 | D15: =ROUND(IFERROR(C15/$C$25,0),4) -> 0 | E15: =C15 -> 0 | F15: =(IFERROR(E15/$E$25,0)) -> 0 | G15: =E15 -> 0 | H15: =ROUND(IFERROR(G15/$G$25,0),4) -> 0
A16: =A99 -> 2.3. Impostos e Seguros | C16: =G109 -> 1063.05 | D16: =ROUND(IFERROR(C16/$C$25,0),4) -> 0.4029 | E16: =C16 -> 1063.05 | F16: =(IFERROR(E16/$E$25,0)) -> 0.42847337 | G16: =E16 -> 1063.05 | H16: =ROUND(IFERROR(G16/$G$25,0),4) -> 0.4381
A17: =A111 -> 2.4. Consumos | C17: =G126 -> 206.02 | D17: =ROUND(IFERROR(C17/$C$25,0),4) -> 0.0781 | E17: =C17 -> 206.02 | F17: =(IFERROR(E17/$E$25,0)) -> 0.083038506 | G17: =E17 -> 206.02 | H17: =ROUND(IFERROR(G17/$G$25,0),4) -> 0.0849
A18: =A128 -> 2.5. Manutenção | C18: =G133 -> 289.1 | D18: =ROUND(IFERROR(C18/$C$25,0),4) -> 0.1096 | E18: =C18 -> 289.1 | F18: =(IFERROR(E18/$E$25,0)) -> 0.11652476 | G18: =E18 -> 289.1 | H18: =ROUND(IFERROR(G18/$G$25,0),4) -> 0.1191
A19: =A135 -> 2.6. Pneus | C19: =G141 -> 24.83 | D19: =ROUND(IFERROR(C19/$C$25,0),4) -> 0.0094 | E19: =C19 -> 24.83 | F19: =(IFERROR(E19/$E$25,0)) -> 0.01000799 | G19: =E19 -> 24.83 | H19: =ROUND(IFERROR(G19/$G$25,0),4) -> 0.0102
A20: =A143 -> 2.7. Rastreador GPS | C20: =G147 -> 72.406667 | D20: =ROUND(IFERROR(C20/$C$25,0),4) -> 0.0274 | E20: =C20 -> 72.406667 | F20: =(IFERROR(E20/$E$25,0)) -> 0.029184261 | G20: =E20 -> 72.406667 | H20: =ROUND(IFERROR(G20/$G$25,0),4) -> 0.0298
A21: =A151 -> 3. Ferramentas e Materiais de Consumo | C21: =+G159 -> 100.5 | D21: =ROUND(IFERROR(C21/$C$25,0),4) -> 0.0381 | E21: =C21 -> 100.5 | F21: =(IFERROR(E21/$E$25,0)) -> 0.040507571 | G21: =E21 -> 100.5 | H21: =ROUND(IFERROR(G21/$G$25,0),4) -> 0.0414
A22: =A164 -> 4. Benefícios e Desp. Ind. - BDI - LUCRO REAL | C22: =+G169 -> 644.87 | D22: =ROUND(IFERROR(C22/$C$25,0),4) -> 0.2444
A23: =A177 -> 5. Benefícios e Desp. Ind. - BDI - LUCRO PRESUMIDO | E23: =G183 -> 487.59 | F23: =(IFERROR(E23/$E$25,0)) -> 0.19652823
A24: =A191 -> 6. Benef. Desp. Ind. + Impostos - SIMPLES NACIONAL | G24: =G194+G207 -> 475.83 | H24: =ROUND(IFERROR(G24/$G$25,0),4) -> 0.1961
A25: PREÇO TOTAL MÊS (R$/Mês) | C25: =C9+C13+C21+C22 -> 2638.2977 | D25: =D9+D13+D21+D22 -> 0.9999 | E25: =E9+E13+E21+E23 -> 2481.0177 | F25: =F9+F13+F21+F23 -> 1 | G25: =G9+G13+G21+G24 -> 2426.4572 | H25: =H9+H13+H21+H24 -> 0.9999
A26: PREÇO POR QUILOMETRO (R$/Km) | C26: =G175 -> 10.553191 | E26: =G189 -> 9.9240707 | G26: =G214 -> 9.7058177
A28: GRUPO C - Informações sobre
A29: C1- Mão-de-obra | F29: Quantidade | G29: R$ / mês
A30: Motorista | F30: 1 | G30: 2265
A31: Total de mão-de-obra (postos de trabalho) | F31: =SUM(F30:F30) -> 1 | G31: =SUM(G30:G30) -> 2265
A33: C2- Veículos | C33: Vida útil do Veículo | D33: Taxa depre- ciação Anual | E33: Capacidade (Lugares) | F33: Quantidade | G33: Valor (R$)
A34: Veículo mod. Volare Attack 8 23/24-Diesel- veículo locado | C34: 10 | D34: =1/C34 -> 0.1 | E34: 28 | F34: 1 | G34: 468912
A35: Consumo médio (Km / litro) e Valor do litro (R$) | E35: diesel BS10 | F35: 7.5 | G35: 5.54
A37: C3- Distâncias | C37: Unidade | F37: Km por dia | G37: Km por mês
A38: Distância percorrida | C38: Km | F38: 250 | G38: =F38*F39 -> 250 | I38: =G38*12 -> 3000
A39: Dias rodados por mês | C39: Dias | F39: 1
A41: C4- Fatores | C41: % | D41: Aplicação
A42: Fator de utilização (FU) | C42: =100%/20*F39 -> 0.05 | D42: Equipe, Vale transporte e vale alimentação
A44: CÁLCULOS (itenização numérica)
A45: 1. Mão-de-obra
A46: 1.1. Motorista - EMPRESA LUCRO REAL E PRESUMIDO
A47: Discriminação | C47: Unidade | D47: Quantidade | E47: Custo unitário | F47: Subtotal | G47: Total (R$) | H47: R$/Km
A48: Piso da categoria | C48: mês | D48: 1 | E48: =G30 -> 2265 | F48: =D48*E48 -> 2265
A49: Adicional noturno | C49: Nº hs/ mês | E49: =(E48/220)*0.2 -> 2.0590909 | F49: =D49*E49 -> 0
A50: Descanso Semanal Remunerado (DSR) - Ad.Not. | C50: R$ | E50: =((D49/F39)*5)*(SUM(E49)) -> 0 | F50: =E50 -> 0
A51: Soma | F51: =SUM(F48:F50) -> 2265
A52: Encargos Sociais | C52: % | D52: ='Enc. Soc. - LR-LP e SN'!C$28*100 -> 70.61 | E52: =F51 -> 2265 | F52: =ROUND(E52*D52/100,2) -> 1599.32
A53: Total por Motorista | F53: =F51+F52 -> 3864.32
A54: Total do Efetivo | C54: homem | D54: =F30 -> 1 | E54: =F53 -> 3864.32 | F54: =D54*E54 -> 3864.32 | G54: =F54 -> 3864.32 | H54: =G54/G$38 -> 15.45728
E55: Fator de utilização | F55: =C42 -> 0.05 | G55: =F54*F55 -> 193.216 | H55: =G55/G$38 -> 0.772864
A57: 1.1.1- Motorista - EMPRESA SIMPLES NACIONAL
A58: Encargos Sociais | C58: % | D58: ='Enc. Soc. - LR-LP e SN'!C$38*100 -> 32.81728 | E58: =F51 -> 2265 | F58: =ROUND(E58*D58/100,2) -> 743.31
A59: Total por Motorista | F59: =E58+F58 -> 3008.31
A60: Total do Efetivo | C60: homem | D60: =D54 -> 1 | E60: =F59 -> 3008.31 | F60: =D60*E60 -> 3008.31 | G60: =F60 -> 3008.31 | H60: =G60/G$38 -> 12.03324
E61: Fator de utilização | F61: =F55 -> 0.05 | G61: =F60*F61 -> 150.4155 | H61: =G61/G$38 -> 0.601662
A63: 1.2. Vale Transporte
A64: Discriminação | C64: Unidade | D64: Quantidade | E64: Custo unitário | F64: Subtotal | G64: Total (R$) | H64: R$/Km
A65: Vale Transporte | C65: R$ | D65: 1 | E65: 6.05
A66: Dias Trabalhados por mês | C66: dia | D66: 20
A67: Motorista (Vlr líq. desc. 6,% s/piso sal.) | C67: vale | D67: =$D$66*2*(F30) -> 40 | E67: =IF(E65=0,"",IFERROR((($D$66*2*$E$65)-(F48*0.06*D66/D66))/($D$66*2),"-")) -> 2.6525 | F67: =IFERROR(D67*E67,"-") -> 106.1 | G67: =F67 -> 106.1 | H67: =G67/G$38 -> 0.4244
E68: Fator de utilização | F68: =F61 -> 0.05 | G68: =G67*F68 -> 5.305 | H68: =G68/G$38 -> 0.02122
A70: 1.3. Vale-refeição (diário)
A71: Discriminação | C71: Unidade | D71: Quantidade | E71: Custo unitário | F71: Subtotal | G71: Total (R$) | H71: R$/Km
A72: Motorista (Café e Almoço) | C72: unidade | D72: =D66*(F30) -> 20 | E72: =13+26 -> 39 | F72: =D72*E72 -> 780 | G72: =F72 -> 780 | H72: =G72/G$38 -> 3.12
E73: Fator de utilização | F73: =F68 -> 0.05 | G73: =F72*F73 -> 39 | H73: =G73/G$38 -> 0.156
A76: Custo Mensal com Mão-de-obra (R$/mês) - LUCRO REAL E PRESUMIDO | G76: =G55+G68+G73 -> 237.521 | H76: =G76/G$38 -> 0.950084
A77: Custo Mensal com Mão-de-obra (R$/mês) - SIMPLES NACIONAL | G77: =G61+G68+G73 -> 194.7205 | H77: =G77/G$38 -> 0.778882
A79: 2. Veículos
A80: 2.1 Depreciação
A81: Discriminação | C81: Unidade | D81: Quantidade | E81: Custo unitário | F81: Subtotal | G81: Total (R$) | H81: R$/Km
A82: Custo de aquisição do veículo | C82: unidade | D82: 1 | E82: =G34 -> 468912 | F82: =D82*E82 -> 468912
A83: Vida útil do veícuo | C83: anos | D83: =C34 -> 10
A84: Depreciação do veículo | C84: % | E84: =F82 -> 468912 | F84: =D84*E84/100 -> 0
A85: Depreciação mensal veículos | C85: mês | D85: =D83*12 -> 120 | E85: =F84 -> 0 | F85: =IFERROR(E85/D85,0) -> 0
A86: Total da frota | C86: unidade | D86: =F34 -> 1 | E86: =F85 -> 0 | F86: =D86*E86 -> 0 | G86: =F86 -> 0 | H86: =G86/G$38 -> 0
A88: 2.2 Remuneração do Capital
A89: Discriminação | C89: Unidade | D89: Quantidade | E89: Custo unitário | F89: Subtotal | G89: Total (R$) | H89: R$/Km
A90: Custo do veículo | C90: unidade | D90: 1 | E90: =E82 -> 468912 | F90: =D90*E90 -> 468912
A91: Taxa de juros anual nominal | C91: %
A92: Valor do veículo proposto (Vo) | C92: R$ | D92: =F90 -> 468912
A93: Valor residual do veículo proposto (Vr) | D93: =F82-F84 -> 468912
A94: Investimento médio total do veículo | C94: R$ | D94: =(D92-D93)*((D83+1)/(2*D83))+D93 -> 468912
A95: Remuneração mensal de capital do veículo | C95: R$ | E95: =ROUND(D91*D94/12/100,2) -> 0 | F95: =E95 -> 0
A96: Total por veículo | F96: =F95 -> 0
A97: Total da frota | C97: unidade | D97: =D86 -> 1 | E97: =F96 -> 0 | F97: =D97*E97 -> 0 | G97: =F97 -> 0 | H97: =G97/G$38 -> 0
A99: 2.3. Impostos e Seguros
A100: Discriminação | C100: Unidade | D100: Quantidade | E100: Custo unitário | F100: Subtotal | G100: Total (R$) | H100: R$/Km
A101: IPVA | C101: unidade | D101: =D86 -> 1 | E101: =0.01*($F$82) -> 4689.12 | F101: =D101*E101 -> 4689.12
A102: Licenciamento | C102: unidade | D102: =D86 -> 1 | E102: 160.22 | F102: =D102*E102 -> 160.22
A103: Seguro contra terceiros | C103: unidade | D103: =D86 -> 1 | E103: 1310.25 | F103: =D103*E103 -> 1310.25
A104: Seguro contra acidentes (pacientes) | C104: unidade | D104: 1 | E104: 1171.9 | F104: =D104*E104 -> 1171.9
A105: Aferição do tacógrafo | C105: unidade | D105: 1 | E105: 540.09 | F105: =D105*E105 -> 540.09
A106: RECEFITUR DAER | C106: unidade | D106: 1 | E106: 400 | F106: =D106*E106 -> 400
A107: LOCAÇÃO - veículo para 1 dia | C107: unidade | D107: 1 | E107: 370 | F107: =E107*12 -> 4440
A108: Vistorias Técnicas | C108: unidade | D108: 1 | E108: 45 | F108: =D108*E108 -> 45
A109: Impostos e seguros mensais | C109: mês | D109: 12 | E109: =SUM(F101:F108) -> 12756.58 | F109: =ROUND(E109/D109,2) -> 1063.05 | G109: =F109 -> 1063.05 | H109: =G109/G$38 -> 4.2522
A111: 2.4. Consumos
A112: Quilometragem mensal | C112: =G38 -> 250
A113: Discriminação | C113: Unidade | D113: Consumo | E113: Custo unitário | F113: Subtotal | G113: Total (R$) | H113: R$/Km
A114: Custo de óleo diesel / km rodado | C114: km/l | D114: =F35 -> 7.5 | E114: =G35 -> 5.54
A115: Custo mensal com óleo diesel S-10 | C115: km | D115: =C112 -> 250 | E115: =IFERROR(+E114/D114,"-") -> 0.73866667 | F115: =IFERROR(D115*E115,"-") -> 184.66667
...

Sheet Enc. Soc. - LR-LP e SN
A1: Composição dos Encargos Sociais
A2: Empresas Lucro Real e Lucro Presumido
A3: Código | B3: Descrição | C3: Valor %
A4: A1 | B4: INSS | C4: 0.2
A5: A2 | B5: SESI | C5: 0.015
A6: A3 | B6: SENAI | C6: 0.01
A7: A4 | B7: INCRA | C7: 0.002
A8: A5 | B8: SEBRAE | C8: 0.006
A9: A6 | B9: Salário educação | C9: 0.025
A10: A7 | B10: Seguro contra acidentes de trabalho | C10: 0.03
A11: A8 | B11: FGTS | C11: 0.08
A12: A | B12: SOMA GRUPO A | C12: =SUM(C4:C11) -> 0.368
A14: B1 | B14: Férias gozadas | C14: 0.1111
A15: B2 | B15: 13º salário | C15: 0.0833
A16: B3 | B16: Licença Paternidade | C16: 0.0005
A17: B4 | B17: Faltas justificadas | C17: 0.005
A18: B5 | B18: Auxilio acidente de trabalho | C18: 0.001
A19: B | B19: SOMA GRUPO B | C19: =SUM(C14:C18) -> 0.2009
A21: C1 | B21: Aviso prévio indenizado | C21: 0.029
A22: C2 | B22: Depósito rescisão sem justa causa | C22: 0.032
A23: C | B23: SOMA GRUPO C | C23: =SUM(C21:C22) -> 0.061
A25: D1 | B25: Reincidência de Grupo A sobre Grupo B | C25: =ROUND(C12*C19,4) -> 0.0739
A26: D2 | B26: Reincidência de FGTS sobre aviso prévio indenizado | C26: =ROUND((C21*C11),4) -> 0.0023
A27: D | B27: SOMA GRUPO D | C27: =SUM(C25:C26) -> 0.0762
B28: SOMA (A+B+C+D) | C28: =C27+C23+C19+C12 -> 0.7061
A30: Composição dos Encargos Sociais
A31: Empresas do Simples Nacional
A32: Item | B32: Descrição | C32: Valor %
A33: 1 | B33: FGTS | C33: 0.08
A34: 2 | B34: Férias (com adicional de férias) | C34: 0.1111
A35: 3 | B35: 13º Salário | C35: 0.0833
A36: 4 | B36: Provisão Multas FGTS (40% s/FGTS) | C36: 0.032
A37: 5 | B37: Previdenciários s/Férias e 13º | C37: =(C34+C35)*(C33+C36) -> 0.0217728
A38: Total | C38: =SUM(C33:C37) -> 0.3281728

Sheet BDI
A1: B.D.I. PARA EMPRESAS DO LUCRO REAL
A2: Composição BDI - Benefícios e Desp. Indiretas
A3: Descrição | B3: Sigla | C3: Municipal (%) | E3: Intermunicipal (%)
A4: Administração Central | B4: AC | C4: 0.05 | E4: =C4 -> 0.05
A5: Seguros/Riscos/Garantias | B5: SRG | C5: 0.013 | E5: =C5 -> 0.013
A6: Lucro | B6: L | C6: 0.1 | E6: =C6 -> 0.1
A7: Tributos - (ISS p/Municipal) e (ICMS p/Interm.) | B7: T | C7: 0.02 | E7: 0.024
A8: Tributos - PIS/COFINS | C8: 0.0925 | E8: =C8 -> 0.0925
A9: Fórmula para o cálculo do BDI:
A10: {[(1+AC+SRG) x (1+L)] / (1-T)} -1
A11: Resultado do cálculo do BDI: | C11: =ROUND((((1+C4+C5)*(1+C6))/(1-(C7+C8))-1),4) -> 0.3175 | E11: =ROUND((((1+E4+E5)*(1+E6))/(1-(E7+E8))-1),4) -> 0.3235
A14: B.D.I. PARA EMPRESAS DO LUCRO PRESUMIDO
A15: Composição BDI - Benefícios e Desp. Indiretas
A16: Descrição | B16: Sigla | C16: Municipal (%) | E16: Intermunicipal (%)
A17: Administração Central | B17: AC | C17: 0.05 | E17: =C17 -> 0.05
A18: Seguros/Riscos/Garantias | B18: SRG | C18: 0.013 | E18: =C18 -> 0.013
A19: Lucro | B19: L | C19: 0.1 | E19: =C19 -> 0.1
A20: Tributos - (ISS p/Municipal) e (ICMS p/Interm.) | B20: T | C20: 0.02 | E20: 0.024
A21: Tributos - PIS/COFINS | C21: 0.0365 | E21: =C21 -> 0.0365
A22: Fórmula para o cálculo do BDI:
A23: {[(1+AC+SRG) x (1+L)] / (1-T)} -1
A24: Resultado do cálculo do BDI: | C24: =ROUND((((1+C17+C18)*(1+C19))/(1-(C20+C21))-1),4) -> 0.2393 | E24: =ROUND((((1+E17+E18)*(1+E19))/(1-(E20+E21))-1),4) -> 0.2446
A27: B.D.I. PARA EMPRESAS DO SIMPLES NACIONAL
A28: Composição do BDI - Benefícios e Desp. Ind. - Sem Impostos
A29: Descrição | B29: Sigla | C29: Municipal (%) | E29: Intermunicipal (%)
A30: Administração Central | B30: AC | C30: 0.05 | E30: =C30 -> 0.05
A31: Seguros/Riscos/Garantias | B31: SRG | C31: 0.013 | E31: =C31 -> 0.013
A32: Lucro | B32: L | C32: 0.1 | E32: =C32 -> 0.1
A33: Fórmula para o cálculo do BDI - Sem impostos
A34: {[(1+AC+SRG) x (1+L)]} -1
A35: Resultado cálculo do BDI - Sem impostos | C35: =ROUND((((1+C30+C31)*(1+C32))-1),4) -> 0.1693 | E35: =ROUND((((1+E30+E31)*(1+E32))-1),4) -> 0.1693

Sheet Depr.
A1: Depreciação Referencial TCE/RS (%)
A2: Idade do veículo (ano) | B2: Depreciação Média | C2: Residual
A3: 1 | B3: 33.63 | C3: =100-B3 -> 66.37
A4: 2 | B4: 43.13 | C4: =100-B4 -> 56.87
A5: 3 | B5: 48.68 | C5: =100-B5 -> 51.32
A6: 4 | B6: 52.62 | C6: =100-B6 -> 47.38
A7: 5 | B7: 55.68 | C7: =100-B7 -> 44.32
A8: 6 | B8: 58.18 | C8: =100-B8 -> 41.82
A9: 7 | B9: 60.29 | C9: =100-B9 -> 39.71
A10: 8 | B10: 62.12 | C10: =100-B10 -> 37.88
A11: 9 | B11: 63.73 | C11: =100-B11 -> 36.27
A12: 10 | B12: 65.18 | C12: =100-B12 -> 34.82
